 Dungeon Crawl Stone Soup version 0.29.1-15-g9cfb28693d (webtiles) character file.

Game seed: 14410361067829279371

8468626 CrazyMind the Gnoll Ballista (level 27, 249/249 HPs)
             Began as a Gnoll Conjurer on Apr 9, 2023.
             Was an Initiate of Gozag.
             Escaped with the Orb
             ... and 15 runes on June 5, 2023!
             The game lasted 23:41:28 (211469 turns).

CrazyMind the Gnoll Ballista (Gnoll Conjurer)     Turns: 211469, Time: 23:41:28

Health: 249/249    AC: 30    Str:  8    XL:     27
Magic:  50/54      EV: 28    Int: 39    God:    Gozag
Gold:   30392      SH: 25    Dex: 22    Spells: 0/80 levels left

rFire   + + +      SeeInvis +   q - +9 demon blade (vorpal)
rCold   + + +      Faith    .   B - +5 kite shield {reflect}
rNeg    + + +      Spirit   .   I - +5 ring mail "Xaliuh" {Int+7}
rPois   ∞          Reflect  +   F - +2 hat of the Gloaming {Contam rElec Dex+3 SInv}
rElec   +          Harm     .   K - scarf {rC+ rF+}
rCorr   +          Rampage  .   U - -1 pair of gloves of the Lute {rF+ Dex+4}
Will    +++++      Clarity  +   G - +3 pair of mountain boots {steadfast, rC+}
Stlth   ++++......              C - amulet of the Four Winds {rN+ Will+++ Clar}
HPRegen 0.51/turn               o - ring "Nusm" {rN+ rCorr}
MPRegen 0.34/turn               c - ring "Mailanae" {rPois Int+4 Slay+4 SInv}

@: mighty, brilliant, about to teleport, lich-form, resistant, gold aura,
hasted, studying Throwing, invisible, very quick
A: draining attack, torment immunity, no potions, fangs 1, strong nose,
distributed training, thin skeletal structure 1, fire resistance 1, passive
freeze
0: Orb of Zot
}: 15/15 runes: decaying, slimy, silver, golden, iron, obsidian, icy, bone,
abyssal, demonic, glowing, magical, fiery, dark, gossamer
a: End Transformation, Renounce Religion, Potion Petition, Call Merchant, Bribe
Branch


You escaped.
You worshipped Gozag.
Gozag was extremely pleased with you.
You were an undead lich.
You visited 18 branches of the dungeon, and saw 88 of its levels.
You visited Pandemonium 5 times, and saw 40 of its levels.
You visited the Abyss 3 times.
You visited 1 bazaar.
You completed 1 ziggurat, and saw 27 of its levels.
You also visited: Trove, Sewer and Ice Cave.

You collected 89675 gold pieces.
You spent 6264 gold pieces at shops.
You paid 53019 gold pieces to Gozag.

Inventory:

Hand Weapons
 j - a +0 rapier of distortion
 q - a +9 vorpal demon blade (weapon)
 O - the +7 rapier "Umoegi" {spect, +Blink Will++ Str-2 Dex+4}
   (You found it on level 7 of Gehenna)

   When its wielder attacks, the weapon's spirit leaps out and strikes again.
   The spirit shares a part of any damage it takes with its wielder.
   Str:       It affects your strength (-2).
   Dex:       It affects your dexterity (+4).
   +Blink:    It lets you blink.
   Will:      It greatly increases your willpower.
Missiles
 a - 8 curare-tipped darts
 h - 27 silver javelins
 s - 32 atropa-tipped darts
 w - 15 boomerangs
 A - 8 throwing nets
 P - 21 boomerangs of dispersal
 W - 13 silver boomerangs (quivered)
 Y - 15 javelins
Armour
 B - a +5 kite shield of reflection (worn)
 F - the +2 hat of the Gloaming (worn) {Contam rElec Dex+3 SInv}
   (You acquired it on level 5 of the Vaults)

   Dex:       It affects your dexterity (+3).
   rElec:     It insulates you from electricity.
   SInv:      It lets you see invisible.
   Contam:    It causes magical contamination when unequipped.
 G - the +3 pair of mountain boots (worn) {steadfast, rC+}
   (You acquired it on level 1 of the Crypt)

   It prevents involuntary movement, except for blinking, teleportation, or
   banishment.
   rC:        It protects you from cold.
 I - the +5 ring mail "Xaliuh" (worn) {Int+7}
   (You found it on level 6 of the Dungeon)

   Int:       It affects your intelligence (+7).
 K - a scarf of resistance (worn)
 U - the -1 pair of gloves of the Lute (worn) {rF+ Dex+4}
   (You bought it in a shop on level 2 of the Elven Halls)

   Dex:       It affects your dexterity (+4).
   rF:        It protects you from fire.
Jewellery
 c - the ring "Mailanae" (right hand) {rPois Int+4 Slay+4 SInv}
   (You found it on level 6 of a ziggurat)

   [ring of slaying]

   Int:       It affects your intelligence (+4).
   Slay:      It affects your accuracy & damage with ranged weapons and melee
   (+4).
   rPois:     It protects you from poison.
   SInv:      It lets you see invisible.
 o - the ring "Nusm" (left hand) {rN+ rCorr}
   (You found it on level 3 of the Vaults)

   [ring of resist corrosion]

   rN:        It protects you from negative energy.
   rCorr:     It protects you from acid and corrosion.
 r - the ring of the Salamander {Fly rC+ rCorr Str-3 Dex+4}
   (You found it on level 14 of a ziggurat)

   [ring of protection from cold]

   Str:       It affects your strength (-3).
   Dex:       It affects your dexterity (+4).
   rC:        It protects you from cold.
   Fly:       It grants you flight.
   rCorr:     It protects you from acid and corrosion.
 C - the amulet of the Four Winds (around neck) {rN+ Will+++ Clar}
   (You found it on level 4 of the Dungeon)

   [amulet of nothing]

   rN:        It protects you from negative energy.
   Clar:      It protects you against confusion.
   Will:      It greatly increases your willpower.
 D - the ring of Xukk {Fire Str+7 SInv}
   (You found it on level 3 of the Tomb of the Ancients)

   [ring of fire]

   It enhances your fire magic.
   Str:       It affects your strength (+7).
   rF:        It protects you from fire.
   rC:        It makes you vulnerable to cold.
   SInv:      It lets you see invisible.
 N - the ring "Leixtikh" {rElec rC- EV+4 Dex+3 SInv}
   (You found it on level 3 of the Tomb of the Ancients)

   [ring of evasion]

   EV:        It affects your evasion (+4).
   Dex:       It affects your dexterity (+3).
   rC:        It makes you vulnerable to cold.
   rElec:     It insulates you from electricity.
   SInv:      It lets you see invisible.
Wands
 E - a wand of digging (28)
 S - a wand of light (26)
 X - a wand of roots (80)
Scrolls
 f - a scroll of fear
 g - 9 scrolls of amnesia
 z - 55 scrolls of teleportation
 H - 3 scrolls of summoning
 J - 21 scrolls of blinking
 L - 15 scrolls of silence
 R - 22 scrolls of fog
 Z - 14 scrolls of magic mapping
Potions
 b - 12 potions of magic
 d - 20 potions of flight
 e - 21 potions of might
 i - 17 potions of lignification
 l - a potion of resistance
 m - 11 potions of cancellation
 p - 29 potions of mutation
 t - 10 potions of ambrosia
 v - 44 potions of curing
 M - 21 potions of heal wounds
 Q - 14 potions of brilliance
 T - 18 potions of haste
Miscellaneous
 k - a condenser vane
 n - a +1 figurine of a ziggurat
 u - a phantom mirror
 x - a phial of floods
 y - a tin of tremorstones (2/2)
 V - a box of beasts


   Skills:
 O Level 27 Fighting
 O Level 27 Short Blades
 O Level 27 Long Blades
 O Level 27 Axes
 O Level 27 Maces & Flails
 O Level 27 Polearms
 O Level 27 Staves
 O Level 27 Ranged Weapons
 O Level 27 Throwing
 O Level 27 Armour
 O Level 27 Dodging
 O Level 27 Stealth
 O Level 27 Shields
 O Level 27 Unarmed Combat
 O Level 27 Spellcasting
 O Level 27 Conjurations
 O Level 27 Hexes
 O Level 27 Summonings
 O Level 27 Necromancy
 O Level 27 Translocations
 O Level 27 Transmutations
 O Level 27 Fire Magic
 O Level 27 Ice Magic
 O Level 27 Air Magic
 O Level 27 Earth Magic
 O Level 27 Poison Magic
 O Level 27 Invocations
 O Level 27 Evocations


You couldn't memorise any spells.
You knew the following spells:

 Your Spells              Type           Power      Damage    Failure   Level
a - Iron Shot             Conj/Erth      78%        9d14      0%          6
b - Malign Gateway        Summ/Tloc      78%        N/A       0%          7
c - Dazzling Flash        Conj/Hex       100%       N/A       0%          3
d - Iskenderun's Mystic   Conj/Tloc      100%       2d19      0%          4
e - Swiftness             Air            100%       N/A       0%          3
f - Fulminant Prism       Conj/Hex       78%        3d32      0%          4
g - Necromutation         Tmut/Necr      92%        N/A       1%          8
h - Spellforged Servitor  Conj/Summ      78%        N/A       0%          7
i - Polar Vortex          Ice            78%        N/A       1%          9
j - Sublimation of Blood  Necr           100%       N/A       0%          2
k - Passwall              Tmut/Erth      100%       N/A       0%          2
l - Blink                 Tloc           100%       N/A       0%          2
m - Yara's Violent Unrav  Hex/Tmut       78%        3d29      0%          5
n - Lehudib's Crystal Sp  Conj/Erth      78%        10d18     1%          8
o - Apportation           Tloc           100%       N/A       0%          1
p - Shatter               Erth           78%        3d57*     1%          9

Your spell library contained the following spells:

 Spells                   Type           Power      Damage    Failure   Level
 Beastly Appendage        Tmut           100%       N/A       0%          1
 Foxfire                  Conj/Fire      100%       2x1d9     0%          1
 Freeze                   Ice            100%       1d11      0%          1
 Magic Dart               Conj           100%       1d8       0%          1
 Necrotise                Necr           100%       1d9       0%          1
 Shock                    Conj/Air       100%       1d9       0%          1
 Slow                     Hex            100%       N/A       0%          1
 Sting                    Tmut/Pois      100%       1d8       0%          1
 Summon Small Mammal      Summ           100%       N/A       0%          1
 Call Imp                 Summ           100%       N/A       0%          2
 Ensorcelled Hibernation  Hex/Ice        100%       N/A       0%          2
 Poisonous Vapours        Pois/Air       100%       N/A       0%          2
 Scorch                   Fire           100%       2d10      0%          2
 Searing Ray              Conj           100%       2d8       0%          2
 Static Discharge         Conj/Air       100%       3-16/arc  0%          2
 Wereblood                Tmut           100%       N/A       0%          2
 Call Canine Familiar     Summ           100%       N/A       0%          3
 Confusing Touch          Hex            100%       N/A       0%          3
 Conjure Flame            Conj/Fire      100%       6-21      0%          3
 Frozen Ramparts          Ice            100%       1d16      0%          3
 Gell's Gravitas          Tloc           100%       N/A       0%          3
 Ignite Poison            Fire/Tmut/Pois 100%       N/A       0%          3
 Inner Flame              Hex/Fire       100%       N/A       0%          3
 Lesser Beckoning         Tloc           100%       N/A       0%          3
 Mephitic Cloud           Conj/Pois/Air  100%       N/A       0%          3
 Ozocubu's Armour         Ice            100%       N/A       0%          3
 Portal Projectile        Hex/Tloc       100%       N/A       0%          3
 Spider Form              Tmut/Pois      100%       N/A       0%          3
 Stone Arrow              Conj/Erth      100%       3d13      0%          3
 Summon Guardian Golem    Hex/Summ       100%       N/A       0%          3
 Teleport Other           Tloc           100%       N/A       0%          3
 Tukima's Dance           Hex            100%       N/A       0%          3
 Vampiric Draining        Necr           100%       2d13      0%          3
 Airstrike                Air            78%        2d(12-28) 0%          4
 Anguish                  Hex/Necr       92%        N/A       0%          4
 Animate Armour           Summ/Erth      100%       N/A       0%          4
 Cause Fear               Hex            78%        N/A       0%          4
 Dispel Undead            Necr           100%       3d31      0%          4
 Flame Wave               Conj/Fire      100%       2d21      0%          4
 Hailstorm                Conj/Ice       100%       3d20      0%          4
 Ice Form                 Ice/Tmut       100%       N/A       0%          4
 Leda's Liquefaction      Hex/Erth       78%        N/A       0%          4
 Olgreb's Toxic Radiance  Pois           100%       N/A       0%          4
 Passage of Golubria      Tloc           100%       N/A       0%          4
 Petrify                  Tmut/Erth      100%       N/A       0%          4
 Sticky Flame             Conj/Fire      100%       2d11      0%          4
 Summon Ice Beast         Ice/Summ       100%       N/A       0%          4
 Summon Lightning Spire   Summ/Air       100%       N/A       0%          4
 Agony                    Necr           100%       N/A       0%          5
 Alistair's Intoxication  Tmut/Pois      100%       N/A       0%          5
 Blade Hands              Tmut           78%        N/A       0%          5
 Borgnjor's Vile Clutch   Necr/Erth      92%        N/A       0%          5
 Fireball                 Conj/Fire      78%        3d29      0%          5
 Freezing Cloud           Conj/Ice/Air   78%        6-21      0%          5
 Irradiate                Conj/Tmut      78%        3d37      0%          5
 Iskenderun's Battlesphe  Conj           100%       2d15      0%          5
 Lee's Rapid Deconstruct  Erth           78%        3d36*     0%          5
 Lightning Bolt           Conj/Air       78%        1d105     0%          5
 Manifold Assault         Tloc           100%       N/A       0%          5
 Metabolic Englaciation   Hex/Ice        78%        N/A       0%          5
 Silence                  Hex/Air        78%        N/A       0%          5
 Summon Forest            Summ/Tloc      78%        N/A       0%          5
 Summon Mana Viper        Hex/Summ       100%       N/A       0%          5
 Conjure Ball Lightning   Conj/Air       78%        3x3d30    0%          6
 Death Channel            Necr           92%        N/A       0%          6
 Dispersal                Tloc           78%        N/A       0%          6
 Eringya's Noxious Bog    Tmut/Pois      78%        N/A       0%          6
 Starburst                Conj/Fire      78%        6d20      0%          6
 Statue Form              Tmut/Erth      100%       N/A       0%          6
 Summon Cactus Giant      Summ           78%        N/A       0%          6
 Enfeeble                 Hex            78%        N/A       0%          7
 Haunt                    Necr/Summ      92%        N/A       0%          7
 Monstrous Menagerie      Summ           78%        N/A       0%          7
 Orb of Destruction       Conj           78%        9d18      0%          7
 Ozocubu's Refrigeration  Ice            78%        4d24      0%          7
 Storm Form               Tmut/Air       78%        N/A       0%          7
 Summon Hydra             Summ           78%        N/A       0%          7
 Borgnjor's Revivificati  Necr           92%        N/A       1%          8
 Discord                  Hex            78%        N/A       1%          8
 Disjunction              Tloc           78%        N/A       1%          8
 Ignition                 Fire           78%        3d20      1%          8
 Infestation              Necr           92%        N/A       1%          8
 Maxwell's Capacitive Co  Air            78%        ∞         1%          8
 Summon Horrible Things   Summ           78%        N/A       1%          8
 Chain Lightning          Conj/Air       78%        3d104     1%          9
 Death's Door             Necr           92%        N/A       1%          9
 Fire Storm               Conj/Fire      78%        8d20      1%          9
 Animate Dead             Necr           Unusable   N/A       N/A         4
 Corpse Rot               Necr/Pois/Air  Unusable   N/A       N/A         4
 Simulacrum               Ice/Necr       Unusable   N/A       N/A         6

Dungeon Overview and Level Annotations

Branches:
Dungeon (15/15)            Temple (1/1) D:5            Lair (5/5) D:8
  Swamp (4/4) Lair:2       Spider (4/4) Lair:3        Slime (5/5) Lair:4
    Orc (2/2) D:10            Elf (3/3) Orc:2        Vaults (5/5) D:13
  Crypt (3/3) Vaults:2       Tomb (3/3) Crypt:3      Depths (4/4) D:15
   Hell (visited)             Dis (7/7) Hell            Geh (7/7) Hell
    Coc (7/7) Hell            Tar (7/7) Hell            Zot (5/5) Depths:4
  Sewer (visited)           IceCv (visited)

Altars:
Ashenzari
Cheibriados
Dithmenos
Elyvilon
Fedhas
Gozag
Hepliaklqana
Kikubaaqudgha
Makhleb
Nemelex Xobeh
Okawaru
Qazlal
Ru
Sif Muna
Trog
Uskayaw
Vehumet
Wu Jian
Xom
Yredelemnul
Zin
The Shining One
Jiyva
Lugonu

Shops:
D:4 (:=   D:7 ?   D:9 *   D:10 [   Orc:1 (   Orc:2 (::?:   Elf:2 ?([:!
Lair:1 !:   Vaults:3 !   Depths:1 **[(

Portals:
Hell: Depths:1 Depths:2 Depths:3 Depths:4
Abyss: Lair:5 Depths:3
Pandemonium: Depths:2

Annotations:
Geh:7 1 exclusion
Abyss:1 Antaeus


Innate Abilities, Weirdness & Mutations

You are an undead lich.
Your unarmed attacks are suffused with negative energy.
You are immune to unholy pain and torment.
Your necromantic spells are more powerful.
You cannot drink.
You are immune to poison.
You have very sharp teeth.
Your uncanny sense of smell can sniff out nearby items.
Your experience applies equally to all skills.
You have a somewhat thin skeletal structure. (Dex +2, Stealth+)
Your flesh is heat resistant. (rF+)
A frigid envelope surrounds you and freezes all who hurt you.


Message History

There is a staircase leading out of the dungeon here. [a] - 260 gold - heal wounds and magic [b] - 714 gold - heal wounds, curing, magic, resistance and invisibility [c] - 480 gold - heal wounds, curing and magic Purchase which effect?
You feel much better.
You feel better. Magic courses through your body.
You feel protected.
You fade into invisibility!
Unknown command. [a] - 899 gold - lignification, might, resistance, haste and brilliance [b] - 220 gold - curing and magic [c] - 672 gold - curing, magic, lignification, might and resistance Purchase which effect?
You feel yourself come back to life.
You turn into a tree.
Your scarf of resistance melds into your body.
The +2 hat of the Gloaming {Contam rElec Dex+3 SInv} melds into your body.
The -1 pair of gloves of the Lute {rF+ Dex+4} melds into your body.
The +3 pair of mountain boots {steadfast, rC+} melds into your body.
The +5 ring mail "Xaliuh" {Int+7} melds into your body.
You feel hot and cold all over.
Your roots penetrate the ground.
You feel very mighty all of a sudden.
You feel protected.
You feel yourself speed up.
You feel clever all of a sudden.
Unknown command.
Casting: Necromutation (mildly dangerous; 1% risk of failure)
Confirm with . or Enter, or press ? or * to list all spells.
You feel a surge of power!
You feel less wooden.
Your scarf of resistance unmelds from your body.
The +2 hat of the Gloaming {Contam rElec Dex+3 SInv} unmelds from your body.
The -1 pair of gloves of the Lute {rF+ Dex+4} unmelds from your body.
The +3 pair of mountain boots {steadfast, rC+} unmelds from your body.
The +5 ring mail "Xaliuh" {Int+7} unmelds from your body.
You feel resistant to extremes of temperature.
Your body is suffused with negative energy!
As you read the scroll of teleportation, it crumbles to dust.
You feel strangely unstable.
You feel the Orb delaying your translocation!
You can't go down here!
You have escaped!

...#.....# #.#.##.#
#...# (........#
#♣..##.####....
..##.....#
♣..##.........
.........#
♣.###.####.#..
.###.....# ♣..##.#
#.... ..##.....#
######.##.# #....
..##.#####
#....#..#.####....
..##.#
#..8.'....#.......
.....#
#L.8.'.####.###...
#.#### #....#.# #.#
#.#. ### ######.#
#.###.#. # ♣♣.#
#.......
############### #♣..#
#######.
#.............# #.###
######. #.............#
#.# #......
#.............# ###
#......
#######...#############
#......


There were no monsters in sight!

Vanquished Creatures
  Cerebov (Pan)
  Asmodeus (Geh:7)
  Dissolution (Slime:2)
  the Royal Jelly (Slime:5)
  Lom Lobon (Pan)
  A seraph (Pan)
  the Serpent of Hell (Dis:7)
  Mnoleg (Pan)
  5 dread liches
  Dispater (Dis:7)
  3 orbs of fire (Zot:5)
  3 ancient liches
  16 juggernauts
  The ghost of BlackCrag the Skullcrusher, a veteran MiBe of Trog (Zot:4)
  44 royal mummies
  Boris (Tomb:2)
  15 shard shrikes
  6 Killer Klowns (Zot:5)
  A curse toe (Zot:4)
  20 caustic shrikes
  Geryon (Hell)
  15 golden dragons
  19 pandemonium lords
  6 profane servitors
  Nikola (Spider:3)
  14 bone dragons
  A pearl dragon (Pan)
  15 Tzitzimimeh
  2 electric golems
  6 doom hounds
  20 iron giants
  A spectral shard shrike (Tar:3)
  13 Brimstone Fiends
  11 hellephants
  A walking crystal tome (Depths:2)
  41 Ice Fiends
  Rupert (D:13)
  Jorgrun (Orc:2)
  10 titans
  10 Orb Guardians
  5 tainted leviathans
  38 Hell Sentinels
  A walking earthen tome (Depths:3)
  11 liches
  Asterion (Elf:3)
  11 searing wretches
  13 tentacled monstrosities
  11 acid blobs
  5 deep elf master archers
  40 Executioners
  6 deep elf blademasters
  Murray (Depths:1)
  4 death cobs
  9 quicksilver dragons
  33 ancient champions
  An eldritch tentacle (Zot:5)
  2 tentacled starspawn (Abyss:3)
  14 sphinxes
  A thorn hunter (Swamp:3)
  Agnes (Spider:3)
  19 storm dragons
  15 demonspawn warmongers
  5 tengu reavers
  A nagaraja (Zig:15)
  5 azure jellies
  17 draconian monks
  9 daevas (Pan)
  6 rockslimes
  11 iron dragons
  7 shadow dragons
  4 fenstrider witches
  7 narguns
  14 revenants
  25 frost giants
  23 draconian knights
  9 deep elf sorcerers (Elf:3)
  A frost giant (shapeshifter) (Depths:1)
  3 orc warlords
  12 draconian scorchers
  14 vault wardens
  15 emperor scorpions
  21 fire giants
  4 deep elf elementalists (Elf:3)
  6 quicksilver elementals
  17 angels (Pan)
  A ghost moth (shapeshifter) (Vaults:5)
  34 cacodemons
  2 caustic shrike zombies
  15 curse skulls
  9 shard shrike simulacra
  4 ghouls
  44 balrugs
  21 war gargoyles
  32 ghost moths
  11 draconian stormcallers
  18 demonspawn blood saints
  45 reapers
  16 draconian annihilators
  23 very ugly things
  15 draconian shifters
  3 spriggan defenders (Depths:3)
  22 stone giants
  10 ironbound preservers
  31 demonspawn corrupters
  A juggernaut skeleton (Crypt:2)
  19 bennus
  9 ophanim (Pan)
  4 quicksilver oozes
  4 broodmothers
  18 apis (Pan)
  11 elemental wellsprings
  15 demonspawn black suns
  8 white draconians
  8 green draconians
  12 black draconians
  25 entropy weavers
  15 deep elf demonologists
  39 lorocyprocas
  15 deep elf annihilators
  6 eleionomae
  11 red draconians
  16 vampire knights
  10 dire elephants
  8 ironbound thunderhulks
  10 purple draconians
  13 wendigos
  8 putrid mouths
  18 yellow draconians
  16 spark wasps
  2 crystal guardians (Dis:1)
  10 bunyips
  15 eidola
  18 iron golems
  16 ettins
  6 merfolk javelineers (Zig:20)
  47 blizzard demons
  43 green deaths
  10 deep elf death magi
  23 fire dragons
  27 mummy priests
  7 jiangshi
  3 shambling mangroves (Zig:21)
  8 merfolk impalers
  7 deep elf high priests
  3 spectral quicksilver dragons
  A spriggan zombie (Tomb:1)
  17 ice dragons
  4 spectral spriggans
  13 great orbs of eyes
  9 hell beasts
  24 hydras
  5 yaktaur captains
  Erolcha (D:10)
  Fannar (Lair:2)
  18 boulder beetles
  19 vault guards
  5 jorogumos
  4 ghost crabs
  17 rakshasas
  13 caustic shrike simulacra
  A catoblepas (Lair:4)
  An ogre mage (Vaults:5)
  8 spriggan air magi
  Erica (D:8)
  8 centaur warriors
  6 stokers
  8 juggernaut simulacra
  2 two-headed ogres
  A salamander tyrant (Geh:1)
  9 ironbound frosthearts
  2 merfolk avatars (Zig:20)
  2 spriggan skeletons
  10 radroaches
  80 death scarabs
  17 alligators
  26 hell hogs
  7 merfolk aquamancers
  8 deep troll earth magi
  A fenstrider witch skeleton (Pan)
  11 tengu warriors
  2 alligator snapping turtles
  46 dancing weapons
  10 deep troll shamans
  Urug (D:13)
  13 vampire magi
  10 death yaks
  5 thrashing horrors
  A shock serpent (Zot:2)
  4 holy swine (Pan)
  A storm dragon zombie (Zig:14)
  2 spectral dire elephants
  4 spectral storm dragons
  5 orc high priests
  107 soul eaters
  194 sun demons
  10 spriggan berserkers
  Sonja (Orc:2)
  17 shadow wraiths
  13 crystal echidnas
  30 hell knights
  2 titan skeletons
  A wretched star (Abyss:3)
  48 sixfirhies
  9 skeletal warriors
  33 deep elf knights
  3 sun moths
  15 pharaoh ants
  A spatial maelstrom (Abyss:3)
  27 deep trolls
  2 spectral bunyips
  10 cherubim (Pan)
  9 iron trolls
  A golden dragon zombie (Zig:14)
  A goliath frog (shapeshifter) (Lair:5)
  13 spriggan druids
  13 death drakes
  11 glowing orange brains
  A spectral green draconian (Zot:4)
  3 quicksilver dragon simulacra
  A spectral iron dragon (Tar:1)
  6 goliath frogs
  12 steelbarb worms
  2 spectral ghost moths (Zot:4)
  An orb spider (shapeshifter) (Depths:2)
  21 orb spiders
  5 bog bodies
  52 shadow demons
  3 spectral hydras
  14 wizards
  4 sea snakes (Zig:20)
  10 deep elf archers
  24 swamp dragons
  30 flayed ghosts
  2 golden dragon skeletons (Zig:14)
  6 spriggan simulacra
  7 wolf spider zombies (Spider:2)
  6 lindwurms
  18 phantasmal warriors
  A sphinx zombie (Zig:14)
  An anaconda skeleton (Pan)
  2 obsidian statues
  43 ugly things
  43 deep elf zephyrmancers
  42 deep elf pyromancers
  33 wolf spiders
  8 harpies
  20 ironbound convokers
  18 necromancers
  An eleionoma zombie (Crypt:2)
  18 orc knights
  6 will-o-the-wisps
  4 orc sorcerers
  A spectral merfolk (Crypt:3)
  2 cyclopes
  7 manticores
  35 moths of wrath
  A spectral fire dragon (Tar:1)
  3 shining eyes
  A shining eye (shapeshifter) (Vaults:5)
  A sphinx skeleton (Vaults:1)
  A salamander (shapeshifter) (Abyss:3)
  11 rust devils
  A frost giant skeleton (Crypt:2)
  3 merfolk sirens (Zig:20)
  A guardian serpent (shapeshifter) (Abyss:3)
  10 water nymphs (Zig:20)
  3 spectral centaurs (Crypt:3)
  10 ice statues
  11 elephants
  5 black mambas
  A guardian serpent (Zig:15)
  169 smoke demons
  4 molten gargoyles (Hell)
  A black mamba (shapeshifter) (D:13)
  An eye of devastation (Slime:5)
  A shock serpent skeleton (Crypt:1)
  15 vault sentinels
  9 unseen horrors
  A naga mage (D:15)
  3 titan simulacra (Coc:7)
  An eye of devastation (shapeshifter) (Depths:2)
  2 gargoyles
  30 orange demons
  13 torpor snails
  10 cane toads
  A centaur skeleton (Pan)
  79 demonic crawlers
  A swamp worm zombie (Swamp:4)
  A white draconian zombie (Crypt:3)
  38 tormentors
  59 hellions
  A bunyip simulacrum (Coc:1)
  A nameless horror (Vaults:5)
  2 dire elephant skeletons
  5 komodo dragons
  16 yaktaurs
  2 ancient zymes (Lair:5)
  A golden dragon simulacrum (Coc:7)
  A minotaur skeleton (Crypt:1)
  51 guardian mummies
  5 redback zombies (Spider:2)
  14 rime drakes
  18 freezing wraiths
  4 iron giant simulacra
  5 anaconda simulacra
  2 spectral nagas
  8 efreet (Pan)
  5 tengu conjurers
  5 hydra zombies
  13 ice devils
  A kobold demonologist (D:12)
  55 hellwings (Pan)
  A harpy zombie (Tomb:3)
  5 meliai
  2 silent spectres
  5 spectral harpies
  18 wind drakes
  28 merfolk
  10 bloated husks
  12 red devils
  11 trolls
  A meliai (shapeshifter) (Zig:8)
  18 blink frogs
  2 shadow dragon simulacra
  38 tarantellas
  12 tyrant leeches
  14 hornets
  55 slime creatures
  5 culicivora zombies (Spider:2)
  2 polar bears
  2 slime creatures (shapeshifter)
  2 spectral swamp dragons (Swamp:4)
  A raiju (Abyss:3)
  2 alligator zombies (Swamp:4)
  A snapping turtle (Zig:20)
  7 dream sheep (Lair:3)
  A harpy skeleton (Tomb:3)
  4 stone giant simulacra
  2 centaur simulacra
  51 jumping spiders
  10 tarantella zombies (Spider:2)
  22 flying skulls
  6 air elementals
  A spectral black mamba (Crypt:3)
  A draconian simulacrum (Zot:4)
  15 wraiths
  15 water elementals
  34 culicivoras
  An ettin skeleton (Pan)
  91 ynoxinuls
  18 spriggans
  4 shadows
  46 yaks
  8 dire elephant simulacra
  101 large abominations
  18 ushabtiu
  4 fire bats (Pan)
  2 fire elementals
  7 wyverns
  A tyrant leech zombie (Crypt:3)
  5 steam dragons
  6 basilisks
  25 vampire mosquitoes
  3 golden eyes (Slime:1)
  16 humans
  A redback (shapeshifter) (Depths:2)
  85 chaos spawn
  A yaktaur simulacrum (Vaults:1)
  68 redbacks
  50 neqoxecs
  13 wargs
  A red draconian simulacrum (Zot:4)
  13 swamp worms
  Duvessa (D:4)
  11 harpy simulacra
  4 hydra simulacra
  7 floating eyes
  3 acid dragons
  3 glowing shapeshifter skeletons (Zig:14)
  3 hell hounds (D:10)
  17 water moccasins
  55 orc warriors
  A moth of wrath simulacrum (Zot:4)
  Pargi (Sewer)
  A fire dragon simulacrum (Crypt:3)
  2 ice beasts
  A merfolk simulacrum (Coc:1)
  3 swamp dragon zombies (Swamp:4)
  8 swamp drakes
  A sky beast (D:8)
  7 ettin simulacra
  6 black bears
  15 small abominations
  9 wolves
  An ogre (shapeshifter) (Depths:4)
  13 ogres
  13 centaurs
  3 phantoms
  A rime drake zombie (Crypt:1)
  A snapping turtle skeleton (Crypt:1)
  3 kobold brigands
  16 bullfrogs
  A human zombie (Vaults:1)
  2 necrophages
  4 earth elementals
  3 naga simulacra
  2 human skeletons (Vaults:3)
  2 scorpions
  9 wights
  Dowan (D:4)
  10 killer bees
  A wolf zombie (Crypt:3)
  2 electric eels (Lair:5)
  2 howler monkeys (D:8)
  A crimson imp (D:10)
  4 starcursed masses
  6 hounds
  13 orc priests
  5 komodo dragon simulacra (IceCv)
  Crazy Yiuf (D:2)
  15 jellies (Lair:4)
  An iron imp (Abyss:1)
  A gnoll bouda (D:7)
  8 iguanas
  3 hell rats
  2 spectral swamp drakes (Swamp:4)
  16 orc wizards
  4 lightning spires (Zot:2)
  70 mummies
  8 adders
  20 gnolls
  10 acid dragon simulacra (IceCv)
  2 swamp drake zombies (Swamp:4)
  4 white imps
  An ufetubus (Abyss:3)
  5 steam dragon simulacra (IceCv)
  5 worms
  A dart slug (D:1)
  73 orcs
  3 bats
  A bat skeleton (Crypt:2)
  9 endoplasms
  6 giant cockroaches
  A gnoll zombie (Crypt:3)
  3 goblins
  4 hobgoblins
  4 jackals (D:1)
  25 kobolds
  2 quokkas
  5 ball pythons
  A frilled lizard (D:3)
  A jackal skeleton (Crypt:3)
  An orc zombie (Crypt:3)
  8 rats
  A spectral orc (D:8)
  5 ball lightnings
  2 butterflies (D:5)
  4 creeping infernos
  20 fire vortices
  2 lurking horrors (Abyss:4)
  A starspawn tentacle (Abyss:3)
5617 creatures vanquished.

Vanquished Creatures (collateral kills)
  Gloorx Vloq (Pan)
  Ereshkigal (Tar:7)
  4 dread liches
  5 ancient liches
  3 orbs of fire (Zot:5)
  Mennas (Pan)
  Boris (Crypt:2)
  4 Killer Klowns
  4 shard shrikes
  3 caustic shrikes
  5 golden dragons
  2 profane servitors
  6 bone dragons
  15 pandemonium lords (Pan)
  12 Brimstone Fiends
  5 hellephants
  2 doom hounds
  7 Tzitzimimeh
  2 electric golems
  6 Hell Sentinels (Pan)
  17 Ice Fiends
  2 liches
  11 tentacled monstrosities
  5 searing wretches
  2 tainted leviathans (Tar:6)
  16 Orb Guardians (Zot:5)
  18 acid blobs
  7 titans
  25 eldritch tentacles
  3 ancient champions
  20 Executioners
  2 death cobs
  4 draconian monks
  2 tengu reavers (Vaults:5)
  2 revenants
  6 daevas (Pan)
  9 azure jellies
  A tentacled starspawn (Abyss:3)
  2 draconian knights
  A shadow dragon (Zot:5)
  3 storm dragons
  24 demonspawn warmongers (Pan)
  10 rockslimes
  5 vault wardens (Vaults:5)
  4 frost giants
  8 narguns
  3 iron dragons (Vaults:5)
  3 fire giants
  44 cacodemons (Pan)
  40 balrugs
  3 draconian scorchers
  3 shard shrike simulacra
  18 angels (Pan)
  A caustic shrike zombie (Crypt:2)
  2 ghost moths
  2 curse skulls (Crypt:1)
  5 ghouls
  5 draconian shifters
  2 spectral juggernauts
  2 draconian stormcallers
  12 demonspawn corrupters (Pan)
  6 quicksilver oozes
  3 draconian annihilators
  9 ophanim (Pan)
  22 demonspawn blood saints (Pan)
  11 very ugly things
  A war gargoyle (Zot:2)
  An ironbound preserver (Vaults:5)
  12 apis (Pan)
  17 reapers
  2 vampire knights (Crypt:2)
  9 elemental wellsprings
  10 black draconians
  8 green draconians
  23 demonspawn black suns (Pan)
  4 putrid mouths
  4 purple draconians
  A deep elf demonologist (Vaults:5)
  4 white draconians
  6 red draconians
  15 lorocyprocas (Pan)
  A deep elf annihilator (Pan)
  8 wendigos
  6 yellow draconians
  3 spark wasps
  An eidolon (Tar:7)
  A crystal guardian (Abyss:3)
  A shambling mangrove (Swamp:1)
  32 blizzard demons (Pan)
  4 deep elf death magi
  6 jiangshi
  The ghost of vampirul the Severer, a journeyman DsBe of Trog (Swamp:1)
  5 ettins
  13 green deaths
  5 yaktaur captains
  A deep elf high priest (Vaults:5)
  A great orb of eyes (Slime:5)
  A salamander tyrant (Geh:2)
  A hell beast (Pan)
  2 rakshasas (Pan)
  5 caustic shrike simulacra
  18 vault guards (Vaults:5)
  5 juggernaut simulacra
  An alligator (Swamp:1)
  An ogre mage (Vaults:5)
  3 dancing weapons
  4 stokers
  14 hell hogs
  2 spriggan berserkers (Depths:4)
  2 vampire magi
  2 holy swine (Pan)
  A shock serpent (shapeshifter) (Vaults:5)
  A spectral orc (Crypt:3)
  3 hell knights (Hell)
  2 spectral storm dragons
  2 shock serpents (Zot:2)
  39 sixfirhies
  44 soul eaters
  A spriggan (Depths:4)
  86 sun demons
  2 iron trolls (Hell)
  16 skeletal warriors
  A crystal echidna (Dis:1)
  7 shadow wraiths
  A flayed ghost (Crypt:3)
  3 quicksilver dragon simulacra
  A spriggan druid (Swamp:1)
  An orb spider (shapeshifter) (Pan)
  A spriggan simulacrum (Coc:7)
  11 cherubim (Pan)
  A bog body (Crypt:1)
  A wizard (Pan)
  9 shadow demons (Pan)
  2 phantasmal warriors
  3 ironbound convokers (Vaults:5)
  3 glowing orange brains
  4 necromancers
  7 ugly things
  A stone giant zombie (Crypt:2)
  A spectral ettin (Tar:3)
  3 shining eyes
  8 moths of wrath
  4 rust devils
  2 vault sentinels (Vaults:5)
  A fire giant skeleton (Crypt:3)
  2 molten gargoyles (Hell)
  3 eyes of devastation
  A titan simulacrum (Coc:7)
  2 red draconian zombies
  37 smoke demons (Pan)
  A cane toad (shapeshifter) (Pan)
  An unseen horror (Tar:7)
  58 orange demons (Pan)
  2 storm dragon simulacra
  A green draconian zombie (Crypt:2)
  13 hellions
  2 centaur skeletons
  15 demonic crawlers (Pan)
  2 anaconda simulacra
  7 efreet
  5 freezing wraiths
  4 yaktaurs (Vaults:5)
  21 tormentors
  22 hellwings (Pan)
  3 bunyip simulacra (Coc:1)
  4 ice devils
  A golden dragon simulacrum (Coc:6)
  A guardian mummy (Tomb:1)
  An iron giant simulacrum (Coc:4)
  A white draconian skeleton (Crypt:2)
  A harpy zombie (Crypt:1)
  7 red devils (Pan)
  3 wind drakes (Pan)
  A spectral moth of wrath (Zot:4)
  55 slime creatures
  2 harpy skeletons
  3 hornets
  A draconian simulacrum (Zot:4)
  A shapeshifter (Vaults:5)
  An ettin skeleton (Crypt:1)
  A wraith (Crypt:1)
  7 flying skulls (Crypt:1)
  A slime creature zombie (Crypt:2)
  18 ynoxinuls (Pan)
  3 dire elephant simulacra
  An alligator snapping turtle simulacrum (Coc:1)
  25 neqoxecs (Pan)
  35 chaos spawn (Pan)
  2 small abominations (Abyss:3)
  9 harpy simulacra
  35 large abominations
  A two-headed ogre zombie (Crypt:1)
  A hydra simulacrum (Coc:2)
  A fire bat skeleton (Crypt:1)
  A moth of wrath simulacrum (Zot:4)
  2 glowing shapeshifter skeletons (Crypt:3)
  2 ice beasts
  5 ettin simulacra
  A swamp dragon skeleton (Pan)
  2 necrophages (Crypt:1)
  A naga simulacrum (Coc:4)
  A polar bear zombie (Crypt:1)
  2 quasits (Abyss:3)
  A starcursed mass (Abyss:3)
  An iron imp (Abyss:3)
  2 hell rats (Hell)
  A human skeleton (Crypt:1)
  A lightning spire (Zot:2)
  A deep dwarf skeleton (Crypt:2)
  A mummy (Tomb:1)
  A white imp (Coc:1)
  A dart slug zombie (Crypt:1)
  A rat zombie (Crypt:2)
  2 creeping infernos
  15 fire vortices
  3 starspawn tentacles (Abyss:3)
1507 creatures vanquished.

Vanquished Creatures (others)
  A pandemonium lord (Pan)
  A bone dragon (Tar:7)
  3 Brimstone Fiends
  6 searing wretches (Geh:7)
  A deep elf blademaster (Zig:8)
  A tainted leviathan (Tar:7)
  2 Executioners (Pan)
  371 eldritch tentacles
  An ancient champion (Dis:3)
  6 balrugs
  A shard shrike simulacrum (Coc:7)
  2 draconian shifters
  3 demonspawn corrupters (Pan)
  3 demonspawn blood saints
  A lorocyproca (Pan)
  A black draconian (Zot:2)
  4 putrid mouths (Tar:7)
  2 blizzard demons (Pan)
  An eidolon (Tar:7)
  2 green deaths (Pan)
  A great orb of eyes (Slime:5)
  A hydra (Zig:21)
  5 caustic shrike simulacra
  A juggernaut simulacrum (Coc:6)
  3 stokers (Geh:7)
  A centaur warrior (D:13)
  A shock serpent (Zot:2)
  A vampire mage (Crypt:2)
  A soul eater (Pan)
  A hell knight (Hell)
  2 shadow wraiths (Tar:7)
  A cherub (Pan)
  A deep elf pyromancer (Elf:2)
  A quicksilver dragon simulacrum (Coc:7)
  A wizard (Pan)
  A will-o-the-wisp (Zig:5)
  A shining eye (Slime:5)
  3 smoke demons (Pan)
  A molten gargoyle (Hell)
  A hellion (Geh:7)
  An orange demon (Pan)
  A tengu conjurer (D:13)
  A tormentor (Pan)
  3 bloated husks
  A jumping spider (Spider:3)
  A flying skull (Crypt:1)
  A ynoxinul (Pan)
  2 neqoxecs (Pan)
  A chaos spawn (Pan)
  A vampire mosquito (Swamp:1)
  4 harpy simulacra
  A phantom (Swamp:4)
  A naga simulacrum (Coc:2)
  A shadow imp (Tar:7)
  18 ball lightnings
  A demonic plant (Pan)
  4 fire vortices
  12 foxfires
  231 fulminant prisms
  85 fungi
  A lurking horror (Abyss:3)
  111 plants
  16 starspawn tentacles
941 creatures vanquished.

Grand Total: 8065 creatures vanquished

Notes
Turn   | Place    | Note
-------+----------+-------------------------------------------
     0 | D:1      | CrazyMind the Gnoll Conjurer began the quest for the Orb.
     0 | D:1      | Reached XP level 1. HP: 13/13 MP: 6/6
   197 | D:1      | Reached XP level 2. HP: 19/19 MP: 1/7
   200 | D:1      | Learned a level 2 spell: Searing Ray
   719 | D:1      | Reached skill level 5 in Spellcasting
   719 | D:1      | Reached XP level 3. HP: 25/25 MP: 5/9
  1082 | D:1      | Reached skill level 1 in Invocations
  1241 | D:2      | Reached skill level 1 in Fighting
  1241 | D:2      | Reached skill level 1 in Short Blades
  1241 | D:2      | Reached skill level 1 in Long Blades
  1241 | D:2      | Reached skill level 1 in Axes
  1241 | D:2      | Reached skill level 1 in Maces & Flails
  1241 | D:2      | Reached skill level 1 in Polearms
  1241 | D:2      | Reached skill level 1 in Staves
  1241 | D:2      | Reached skill level 1 in Ranged Weapons
  1241 | D:2      | Reached skill level 1 in Throwing
  1241 | D:2      | Reached skill level 1 in Armour
  1241 | D:2      | Reached skill level 1 in Shields
  1241 | D:2      | Reached skill level 1 in Unarmed Combat
  1241 | D:2      | Reached skill level 1 in Evocations
  1328 | D:2      | Reached XP level 4. HP: 23/32 MP: 6/11
  1554 | D:2      | Found a faded altar of an unknown god.
  1791 | D:2      | Reached skill level 1 in Hexes
  1791 | D:2      | Reached skill level 1 in Summonings
  1791 | D:2      | Reached skill level 1 in Necromancy
  1791 | D:2      | Reached skill level 1 in Translocations
  1791 | D:2      | Reached skill level 1 in Transmutations
  1791 | D:2      | Reached skill level 1 in Fire Magic
  1791 | D:2      | Reached skill level 1 in Ice Magic
  1791 | D:2      | Reached skill level 1 in Air Magic
  1791 | D:2      | Reached skill level 1 in Earth Magic
  1791 | D:2      | Reached skill level 1 in Poison Magic
  1840 | D:2      | Found a runed translucent door.
  1841 | D:2      | Noticed Crazy Yiuf
  2027 | D:3      | Reached XP level 5. HP: 30/37 MP: 6/12
  2083 | D:3      | Noticed a phantom
  2092 | D:3      | Killed a phantom
  2336 | D:3      | Found a sparkling altar of Nemelex Xobeh.
  2902 | D:3      | You fall into a shaft and drop 2 floors!
  2902 | D:5      | Entered Level 5 of the Dungeon
  2984 | D:5      | Reached XP level 6. HP: 44/44 MP: 9/14
  2989 | D:5      | Learned a level 3 spell: Dazzling Flash
  3075 | D:5      | Reached skill level 5 in Dodging
  3291 | D:5      | Noticed a water moccasin
  3358 | D:5      | Noticed a black bear
  3368 | D:5      | Found a staircase to the Ecumenical Temple.
  3390 | Temple   | Entered the Ecumenical Temple
  3436 | Temple   | Became a worshipper of Gozag Ym Sagoz the Greedy
  3563 | D:5      | Noticed a black bear
  3583 | D:4      | Reached XP level 7. HP: 51/51 MP: 7/15
  3756 | D:3      | Found a snail-covered altar of Cheibriados.
  3943 | D:2      | Killed Crazy Yiuf
  4089 | D:4      | Found Miutef's Antique Weapon Shoppe.
  4105 | D:4      | Bought a jewelled long sword for 136 gold pieces
  4105 | D:4      | Identified the +12 long sword of Xaomeghesoa {vorpal, rElec
                  | Will+} (You bought it in a shop on level 4 of the Dungeon)
  4217 | D:4      | Reached skill level 5 in Stealth
  4433 | D:4      | Reached XP level 8. HP: 58/58 MP: 7/16
  4506 | D:4      | Found Raonuriz's Book Emporium.
  4684 | D:4      | Noticed Dowan
  4686 | D:4      | Noticed Duvessa
  4720 | D:4      | Killed Dowan
  4809 | D:4      | Killed Duvessa
  5437 | D:4      | Found Ephe's Jewellery Boutique.
  5447 | D:4      | Found the amulet of the Four Winds {rN+ Will+++ Clar}
  5591 | D:4      | Bought a ring of protection from cold for 250 gold pieces
  5971 | D:5      | Identified the +1 robe of Dogma {rN+ MP+9}
  6760 | D:5      | Reached XP level 9. HP: 65/65 MP: 15/18
  6990 | D:6      | Found a glowing drain.
  7014 | Sewer    | Entered a sewer
  7144 | Sewer    | Noticed Pargi
  7160 | Sewer    | Killed Pargi
  7339 | D:6      | Found a blossoming altar of Fedhas.
  7426 | D:6      | Identified the +5 ring mail "Xaliuh" {Int+7}
  7958 | D:7      | Reached skill level 5 in Invocations
  8275 | D:7      | Found Karaf's Magic Scroll Shop.
  8282 | D:7      | Bought a scroll of blinking for 105 gold pieces
  8282 | D:7      | Bought a scroll of identify for 28 gold pieces
  8860 | D:7      | Found a shimmering blue altar of Sif Muna.
  8967 | D:7      | Bought a scroll of identify for 28 gold pieces
  8967 | D:7      | Bought a scroll of identify for 28 gold pieces
  9263 | D:8      | Learned a level 2 spell: Blink
  9309 | D:8      | Found a glowing golden altar of the Shining One.
  9367 | D:8      | Found a shadowy altar of Dithmenos.
  9372 | D:8      | Noticed a hornet
  9417 | D:8      | Reached skill level 5 in Fighting
  9417 | D:8      | Reached skill level 5 in Short Blades
  9417 | D:8      | Reached skill level 5 in Long Blades
  9417 | D:8      | Reached skill level 5 in Axes
  9417 | D:8      | Reached skill level 5 in Maces & Flails
  9417 | D:8      | Reached skill level 5 in Polearms
  9417 | D:8      | Reached skill level 5 in Staves
  9417 | D:8      | Reached skill level 5 in Ranged Weapons
  9417 | D:8      | Reached skill level 5 in Throwing
  9417 | D:8      | Reached skill level 5 in Armour
  9417 | D:8      | Reached skill level 5 in Shields
  9417 | D:8      | Reached skill level 5 in Unarmed Combat
  9417 | D:8      | Reached skill level 5 in Evocations
  9417 | D:8      | Reached XP level 10. HP: 39/74 MP: 11/20
  9884 | D:8      | Found a basalt altar of Yredelemnul.
  9951 | D:8      | Learned a level 4 spell: Fulminant Prism
  9956 | D:8      | Learned a level 4 spell: Iskenderun's Mystic Blast
 10031 | D:8      | Found an iron altar of Okawaru.
 10119 | D:8      | Noticed a white ugly thing
 10335 | D:8      | Found a staircase to the Lair.
 10418 | D:8      | Noticed Erica
 10697 | D:8      | Killed Erica
 12028 | D:9      | Identified the +9 dagger of Waschiv {freeze, rC+}
 12077 | D:9      | Found Suzior's General Store.
 12255 | D:10     | Entered Level 10 of the Dungeon
 12427 | D:10     | Found a radiant altar of Vehumet.
 12428 | D:10     | Found a burning altar of Makhleb.
 12438 | D:10     | Learned a level 3 spell: Swiftness
 12495 | D:10     | Reached skill level 5 in Hexes
 12495 | D:10     | Reached skill level 5 in Summonings
 12495 | D:10     | Reached skill level 5 in Necromancy
 12495 | D:10     | Reached skill level 5 in Translocations
 12495 | D:10     | Reached skill level 5 in Transmutations
 12495 | D:10     | Reached skill level 5 in Fire Magic
 12495 | D:10     | Reached skill level 5 in Ice Magic
 12495 | D:10     | Reached skill level 5 in Air Magic
 12495 | D:10     | Reached skill level 5 in Earth Magic
 12495 | D:10     | Reached skill level 5 in Poison Magic
 12572 | D:10     | Noticed Erolcha
 12582 | D:10     | Found Peinof's Antique Armour Shoppe.
 12694 | D:10     | Found a staircase to the Orcish Mines.
 12704 | D:10     | Reached XP level 11. HP: 81/81 MP: 22/22
 12767 | D:10     | Bought a pair of embroidered gloves for 202 gold pieces
 13145 | Lair:1   | Entered Level 1 of the Lair of Beasts
 14335 | D:8      | Killed a white ugly thing
 14450 | Lair:2   | Noticed a bog body
 14482 | Lair:2   | Found a staircase to the Swamp.
 14493 | Lair:2   | Identified the +1 dagger "Yshracycs" {speed, rC+ Int+4
                  | Dex+4}
 14784 | Lair:2   | Noticed Fannar
 14808 | Lair:2   | Killed Fannar
 15230 | Lair:2   | Reached XP level 12. HP: 66/91 MP: 5/24
 16191 | Lair:3   | Identified the +2 robe of Patterns {Drain rF+ Int+5 Dex+4}
 16431 | Lair:3   | Identified the +1 chain mail of Fortification {rElec
                  | Slay+3}
 16504 | Lair:3   | Found a frozen archway.
 16518 | IceCv    | Entered an ice cave
 17351 | IceCv    | Noticed an ice dragon
 17502 | IceCv    | Identified the ring of Zeafol {rElec rC+ Will+ Dex-3 SInv}
 17817 | IceCv    | Killed an ice dragon
 18000 | IceCv    | Identified the ring of Xom's Fair Game {rPois Str+3 Int+4
                  | Dex+3}
 18331 | Lair:3   | Reached XP level 13. HP: 97/98 MP: 17/26
 18337 | Lair:3   | Learned a level 4 spell: Olgreb's Toxic Radiance
 18716 | Lair:3   | Found a hole to the Spider Nest.
 18843 | Lair:4   | Reached skill level 10 in Conjurations
 18939 | Lair:4   | Found a viscous altar of Jiyva.
 19002 | Lair:4   | Found a staircase to the Slime Pits.
 19027 | Lair:4   | Identified the +9 shortbow of the Trees {speed, Fragile
                  | Str+3}
 20087 | Lair:5   | Entered Level 5 of the Lair of Beasts
 20230 | Lair:5   | Reached skill level 10 in Spellcasting
 20971 | Lair:5   | Identified the +2 robe of Davoacog {Contam Dex+3 Stlth+}
 21013 | Lair:5   | Reached skill level 10 in Dodging
 21762 | Lair:5   | Got Dyggoq's Encyclopedia of Frigid Guile
 21826 | Lair:5   | Reached skill level 10 in Stealth
 22261 | Lair:5   | Reached skill level 10 in Invocations
 22261 | Lair:5   | Reached XP level 14. HP: 108/108 MP: 20/28
 22453 | Lair:5   | Found a corrupted altar of Lugonu.
 22453 | Lair:5   | Found a one-way gate to the infinite horrors of the Abyss.
 24223 | D:10     | Killed Erolcha
 24302 | D:10     | Learned a level 5 spell: Manifold Assault
 25223 | D:12     | Reached skill level 10 in Transmutations
 26679 | D:13     | Noticed Rupert
 26679 | D:13     | Noticed Urug
 26679 | D:13     | Found a gate to the Vaults.
 26934 | D:13     | Reached skill level 10 in Fighting
 26934 | D:13     | Reached skill level 10 in Short Blades
 26934 | D:13     | Reached skill level 10 in Long Blades
 26934 | D:13     | Reached skill level 10 in Axes
 26934 | D:13     | Reached skill level 10 in Maces & Flails
 26934 | D:13     | Reached skill level 10 in Polearms
 26934 | D:13     | Reached skill level 10 in Staves
 26934 | D:13     | Reached skill level 10 in Ranged Weapons
 26934 | D:13     | Reached skill level 10 in Throwing
 26934 | D:13     | Reached skill level 10 in Armour
 26934 | D:13     | Reached skill level 10 in Shields
 26934 | D:13     | Reached skill level 10 in Unarmed Combat
 26934 | D:13     | Reached skill level 10 in Evocations
 27259 | D:13     | Killed Urug
 27364 | D:13     | Reached XP level 15. HP: 115/115 MP: 27/30
 27870 | D:13     | Killed Rupert
 29851 | D:15     | Entered Level 15 of the Dungeon
 30638 | D:15     | Found a staircase to the Depths.
 31338 | Orc:1    | Entered Level 1 of the Orcish Mines
 31517 | Orc:1    | Found Eneuwusch's Weapon Shop.
 31605 | Orc:2    | Entered Level 2 of the Orcish Mines
 31605 | Orc:2    | Found a staircase to the Elven Halls.
 31742 | Orc:2    | Found Gidd's Book Shoppe.
 31759 | Orc:2    | Bought a book of Minor Magic for 198 gold pieces
 31759 | Orc:2    | Bought a book of Vapours for 176 gold pieces
 31763 | Orc:2    | Learned a level 3 spell: Mephitic Cloud
 31766 | Orc:2    | Learned a level 2 spell: Poisonous Vapours
 31795 | Orc:2    | Noticed Sonja
 31808 | Orc:2    | Killed Sonja
 32831 | Orc:2    | Found Dyqozoycw's Magic Scroll Shop.
 32831 | Orc:2    | Found Egihees's Book Emporium.
 32927 | Orc:2    | Found Xidd's Book Shop.
 32927 | Orc:2    | Found Gosunota's Antique Weapon Emporium.
 32927 | Orc:2    | Noticed Jorgrun
 33322 | Orc:2    | Killed Jorgrun
 33935 | Orc:2    | Bought a book of Iron for 396 gold pieces
 33986 | Orc:2    | Bought a book of the Spheres for 594 gold pieces
 33993 | Orc:2    | Learned a level 5 spell: Fireball
 34185 | Swamp:1  | Entered Level 1 of the Swamp
 34203 | Swamp:1  | Reached XP level 16. HP: 117/124 MP: 23/32
 34301 | Swamp:1  | Noticed a fenstrider witch
 34309 | Swamp:1  | Found a transporter.
 34311 | Swamp:1  | Noticed a fenstrider witch
 35123 | Swamp:1  | Noticed vampirul's ghost (journeyman DsBe)
 35137 | Swamp:1  | Noticed a tentacled monstrosity
 35138 | Swamp:1  | Found a transporter.
 38394 | Swamp:3  | Noticed a thorn hunter
 38466 | Swamp:3  | Killed a thorn hunter
 39560 | Swamp:4  | Entered Level 4 of the Swamp
 39768 | Swamp:4  | Noticed a fenstrider witch
 39779 | Swamp:3  | Killed a fenstrider witch
 40289 | Swamp:4  | Reached XP level 17. HP: 133/133 MP: 5/33
 40986 | Swamp:4  | Reached skill level 10 in Hexes
 40986 | Swamp:4  | Reached skill level 10 in Summonings
 40986 | Swamp:4  | Reached skill level 10 in Necromancy
 40986 | Swamp:4  | Reached skill level 10 in Translocations
 40986 | Swamp:4  | Reached skill level 10 in Fire Magic
 40986 | Swamp:4  | Reached skill level 10 in Ice Magic
 40986 | Swamp:4  | Reached skill level 10 in Air Magic
 40986 | Swamp:4  | Reached skill level 10 in Earth Magic
 40986 | Swamp:4  | Reached skill level 10 in Poison Magic
 41910 | Swamp:4  | Noticed a bone dragon
 42139 | Swamp:4  | Killed a bone dragon
 42377 | Swamp:4  | Got a decaying rune of Zot
 42783 | Spider:1 | Entered Level 1 of the Spider Nest
 43308 | Spider:1 | Learned a level 2 spell: Passwall
 44364 | Spider:1 | Identified the +2 sling of the Winnowing Gods {speed, rF+
                  | Str+9 SInv}
 46437 | Spider:2 | Identified the +7 rapier of the Moth {flame, *Noise rPois
                  | rN+ Str+7}
 46779 | Spider:2 | Identified the +8 chain mail "Taererr" {rC+ rN+ Int-3}
 47287 | Spider:3 | Noticed Agnes
 47314 | Spider:3 | Killed Agnes
 47447 | Spider:3 | Reached XP level 18. HP: 141/141 MP: 16/35
 48108 | Spider:3 | Noticed Nikola
 48125 | Spider:3 | Killed Nikola
 48793 | Spider:4 | Entered Level 4 of the Spider Nest
 51528 | Spider:4 | Got a gossamer rune of Zot
 51875 | Elf:1    | Entered Level 1 of the Elven Halls
 51938 | Elf:1    | Found a flickering gateway to a bazaar.
 51954 | Bazaar   | Entered a bazaar
 51971 | Bazaar   | Found Omeas's Distillery.
 52002 | Bazaar   | Found Xusowunk's Distillery.
 52025 | Bazaar   | Found Vyapp's Magic Scroll Shoppe.
 52051 | Bazaar   | Found Bifysas's Magic Scroll Shoppe.
 52096 | Bazaar   | Bought a potion of resistance for 60 gold pieces
 52096 | Bazaar   | Bought a potion of might for 24 gold pieces
 52096 | Bazaar   | Bought a potion of brilliance for 24 gold pieces
 52124 | Bazaar   | Bought 2 potions of curing for 72 gold pieces
 52124 | Bazaar   | Bought a potion of might for 48 gold pieces
 52124 | Bazaar   | Bought a potion of cancellation for 96 gold pieces
 52124 | Bazaar   | Bought a potion of haste for 120 gold pieces
 52124 | Bazaar   | Bought a potion of heal wounds for 60 gold pieces
 52124 | Bazaar   | Bought a potion of invisibility for 96 gold pieces
 52124 | Bazaar   | Bought a potion of cancellation for 96 gold pieces
 52124 | Bazaar   | Bought a potion of might for 48 gold pieces
 52139 | Bazaar   | Bought a scroll of magic mapping for 67 gold pieces
 52159 | Bazaar   | Bought a scroll of fog for 48 gold pieces
 52159 | Bazaar   | Bought 2 scrolls of summoning for 228 gold pieces
 52159 | Bazaar   | Bought a scroll of magic mapping for 90 gold pieces
 52159 | Bazaar   | Bought a scroll of teleportation for 36 gold pieces
 52159 | Bazaar   | Bought a scroll of teleportation for 36 gold pieces
 53318 | Elf:1    | Reached XP level 19. HP: 138/149 MP: 5/37
 53811 | Elf:1    | Learned a level 5 spell: Yara's Violent Unravelling
 53884 | Elf:1    | Learned a level 6 spell: Iron Shot
 55302 | Elf:2    | Found Voal's Antique Armour Boutique.
 55318 | Elf:2    | Bought a pair of glimmering gloves for 361 gold pieces
 55318 | Elf:2    | Identified the -1 pair of gloves of the Lute {rF+ Dex+4}
                  | (You bought it in a shop on level 2 of the Elven Halls)
 55318 | Elf:2    | Bought a glowing buckler for 285 gold pieces
 55843 | Elf:2    | Identified the +7 mace of the Telling Oracle {chaos, Str+3
                  | Int+4 Dex-5}
 56021 | Elf:2    | Found Gecvobad's Book Emporium.
 56079 | Elf:2    | Paralysed by an air elemental for 1 turns
 56133 | Elf:2    | Reached skill level 15 in Transmutations
 56367 | Elf:2    | Found Omof's Antique Weapon Emporium.
 56397 | Elf:2    | Bought an ichor-stained long sword for 289 gold pieces
 56397 | Elf:2    | Identified the +2 long sword "Kesy" {holy, *Corrode +Blink
                  | Fly rF++ rC-} (You bought it in a shop on level 2 of the
                  | Elven Halls)
 56442 | Elf:2    | Found Doponk's Distillery.
 56736 | Elf:2    | Found a runed translucent gate.
 56736 | Elf:2    | Found a runed translucent gate.
 56736 | Elf:2    | Found a runed translucent gate.
 56787 | Elf:2    | Found Semne's Magic Scroll Shoppe.
 58051 | Elf:3    | Entered Level 3 of the Elven Halls
 58291 | Elf:3    | Found a portal to a secret trove of treasure.
 58553 | Elf:3    | Paralysed by an air elemental for 1 turns
 58655 | Elf:3    | Reached skill level 15 in Invocations
 59534 | Elf:3    | Noticed Asterion
 60138 | Elf:3    | Reached XP level 20. HP: 158/158 MP: 22/38
 61231 | Elf:3    | Identified the +1 triple sword of Eternal War {freeze,
                  | Str+4}
 61245 | Elf:3    | Paralysed by an air elemental for 1 turns
 62354 | Elf:3    | Reached skill level 15 in Spellcasting
 62800 | Elf:3    | Killed Asterion
 64297 | Elf:3    | You paid a toll of +5 fire dragon scales to enter a
                  | treasure trove
 64298 | Trove    | Entered a treasure trove
 64314 | Trove    | Found the +11 plutonium sword {Contam Stlth-}
 64316 | Trove    | Identified the +10 scimitar "Cadyec" {freeze, rPois Dex+4
                  | Stlth+}
 64319 | Trove    | Identified the +6 sling of Causality {vorpal, Str-5 Dex+6
                  | SInv}
 64935 | Vaults:1 | Entered Level 1 of the Vaults
 64975 | D:13     | Reached skill level 15 in Dodging
 66131 | Vaults:1 | Reached skill level 15 in Stealth
 68093 | Vaults:2 | Reached XP level 21. HP: 166/166 MP: 26/40
 69917 | Vaults:2 | Identified the +1 leather armour of Somewhere Else {rC-
                  | Will+ Regen+ Int+2}
 69923 | Vaults:2 | Found a staircase to the Crypt.
 71424 | Vaults:3 | Reached skill level 15 in Fighting
 71424 | Vaults:3 | Reached skill level 15 in Short Blades
 71424 | Vaults:3 | Reached skill level 15 in Long Blades
 71424 | Vaults:3 | Reached skill level 15 in Axes
 71424 | Vaults:3 | Reached skill level 15 in Maces & Flails
 71424 | Vaults:3 | Reached skill level 15 in Polearms
 71424 | Vaults:3 | Reached skill level 15 in Staves
 71424 | Vaults:3 | Reached skill level 15 in Ranged Weapons
 71424 | Vaults:3 | Reached skill level 15 in Throwing
 71424 | Vaults:3 | Reached skill level 15 in Armour
 71424 | Vaults:3 | Reached skill level 15 in Shields
 71424 | Vaults:3 | Reached skill level 15 in Unarmed Combat
 71424 | Vaults:3 | Reached skill level 15 in Evocations
 72829 | Vaults:3 | Identified the ring "Nusm" {rN+ rCorr}
 73460 | Vaults:3 | Found Gokymm's Distillery.
 74581 | Vaults:4 | Reached XP level 22. HP: 175/175 MP: 31/42
 76650 | Depths:1 | Entered Level 1 of the Depths
 77060 | Depths:1 | Found Pezil's General Store.
 77062 | Depths:1 | Found Teegyaru's Specific Store.
 77093 | Depths:1 | Bought a +1 pair of boots of stealth for 264 gold pieces
 77093 | Depths:1 | Bought a scroll of enchant armour for 120 gold pieces
 77172 | Depths:1 | Found a gateway to Hell.
 77557 | Depths:1 | Found Jial's Antique Armour Shop.
 77560 | Depths:1 | Found Wonadd's Weapon Boutique.
 77562 | Depths:1 | Found Memychin's Assorted Antiques.
 77577 | Depths:1 | Bought a scorched leather armour for 245 gold pieces
 77577 | Depths:1 | Identified the +1 leather armour of Onkixop {Will- rCorr
                  | Dex+5 SInv} (You bought it in a shop on level 1 of the
                  | Depths)
 77577 | Depths:1 | Bought a faintly humming leather armour for 245 gold pieces
 77577 | Depths:1 | Identified the +1 leather armour of the Evening {rN+ Int+6}
                  | (You bought it in a shop on level 1 of the Depths)
 78646 | Depths:1 | Reached skill level 15 in Conjurations
 79075 | Depths:1 | Identified a scroll of acquirement
 79087 | Depths:1 | Acquired 639 gold pieces
 80057 | Depths:2 | Found a runed translucent door.
 80058 | Depths:2 | Found a runed translucent door.
 80215 | Depths:2 | Found a runed translucent door.
 80217 | Depths:2 | Found a runed translucent door.
 80217 | Depths:2 | Found a runed translucent door.
 80532 | Depths:2 | Found a one-way gate leading to the halls of Pandemonium.
 80786 | Depths:2 | Noticed a golden dragon
 80789 | Depths:2 | Reached XP level 23. HP: 118/183 MP: 5/43
 81176 | Depths:2 | Noticed a caustic shrike
 81176 | Depths:2 | a fenstrider witch changed into a caustic shrike
 81182 | Depths:2 | Noticed a golden dragon
 81182 | Depths:2 | a caustic shrike changed into a golden dragon
 81186 | Depths:2 | a golden dragon changed into an acid blob
 81427 | Depths:2 | Found a runed translucent door.
 81744 | Depths:2 | Killed a golden dragon
 81862 | Depths:2 | Noticed a golden dragon
 81872 | Depths:2 | Paralysed by a floating eye for 2 turns
 81879 | Depths:2 | Killed a golden dragon
 82228 | Depths:2 | Found an ornate altar of the Wu Jian Council.
 83061 | Depths:2 | Noticed a juggernaut
 83083 | Depths:2 | Identified the +8 war axe of the Curious Hosts {vorpal,
                  | *Corrode rC+++ SInv}
 83336 | Depths:2 | Killed a juggernaut
 83338 | Depths:2 | Identified the +8 lajatang "Qumijac" {pain, rElec}
 83909 | Depths:2 | Noticed a juggernaut
 83924 | Depths:2 | Killed a juggernaut
 85111 | Depths:3 | Found a transporter.
 85308 | Depths:3 | Identified the ring "Cepnad" {rPois rC- Will+ Dex+5 SInv}
 85483 | Depths:3 | Found a stormy altar of Qazlal.
 85923 | Depths:3 | Identified the ring "Emets" {rPois EV+4}
 86464 | Depths:3 | Found a bloodstained altar of Trog.
 86469 | Depths:3 | Reached XP level 24. HP: 193/193 MP: 34/44
 86734 | Depths:3 | Identified the ring "Wor Garemaen" {+Blink Will+}
 86895 | Depths:3 | Found a transporter.
 87724 | Depths:3 | Found an ornate altar of the Wu Jian Council.
 87724 | Depths:3 | Noticed a juggernaut
 87743 | Depths:3 | Killed a juggernaut
 87813 | Depths:4 | Entered Level 4 of the Depths
 88090 | Depths:4 | Noticed a juggernaut
 88091 | Depths:4 | Noticed a caustic shrike
 88628 | Depths:4 | Found a one-way gateway to a ziggurat.
 88718 | Depths:4 | Noticed a caustic shrike
 88720 | Depths:4 | Noticed a caustic shrike
 88722 | Depths:4 | Noticed a caustic shrike
 88722 | Depths:4 | Noticed a caustic shrike
 88731 | Depths:3 | Killed a caustic shrike
 88832 | Depths:2 | Learned a level 7 spell: Malign Gateway
 89074 | Depths:3 | Killed a caustic shrike
 89108 | Depths:3 | Killed a caustic shrike
 89157 | Depths:4 | Killed a caustic shrike
 89675 | Depths:4 | HP: 6/195 [white draconian stormcaller (14)]
 90049 | Depths:4 | Found a gate to the Realm of Zot.
 90318 | Depths:4 | Killed a juggernaut
 90870 | Depths:4 | Banished a caustic shrike
 91873 | Vaults:5 | Entered Level 5 of the Vaults
 92600 | Vaults:5 | Identified the +1 ring mail of the Ecumenical Temple
                  | {*Corrode rN+ Int+4}
 92706 | Vaults:5 | Reached XP level 25. HP: 191/201 MP: 14/44
 92720 | Vaults:5 | Noticed a dread lich
 93070 | Vaults:5 | Noticed an ancient lich
 93264 | Vaults:5 | Identified the amulet "Amuggaul" {Reflect rPois Str+4 SH+5}
 93428 | Vaults:5 | Identified the +8 quarterstaff "Utalob" {flame, rF+ rN+
                  | Stlth-}
 93592 | Vaults:5 | Identified the +1 plate armour "Geredd" {Harm Int+6 Dex-4}
 93663 | Vaults:5 | Identified the amulet of Ascent {RegenMP rF+ Regen+ rCorr
                  | Str-5}
 94030 | Vaults:5 | Identified the +8 spear of Ambiguity {venom, Str+2 Dex+4}
 94069 | Vaults:5 | Killed a dread lich
 94093 | Vaults:5 | Killed an ancient lich
 94295 | Vaults:5 | Reached skill level 15 in Hexes
 94295 | Vaults:5 | Reached skill level 15 in Summonings
 94295 | Vaults:5 | Reached skill level 15 in Necromancy
 94295 | Vaults:5 | Reached skill level 15 in Translocations
 94295 | Vaults:5 | Reached skill level 15 in Fire Magic
 94295 | Vaults:5 | Reached skill level 15 in Ice Magic
 94295 | Vaults:5 | Reached skill level 15 in Air Magic
 94295 | Vaults:5 | Reached skill level 15 in Earth Magic
 94295 | Vaults:5 | Reached skill level 15 in Poison Magic
 94623 | Vaults:5 | Identified the ring of Zauripum {Fire Fly rPois Will-
                  | Dex+5}
 94742 | Vaults:5 | Got a silver rune of Zot
 94746 | Vaults:5 | Acquired the +2 hat of the Gloaming {Contam rElec Dex+3
                  | SInv}
 95481 | Lair:1   | Bought the Compilation of Unstable Pestilence for 968 gold
                  | pieces
 95724 | Depths:3 | Learned a level 8 spell: Necromutation
 96043 | Slime:1  | Entered Level 1 of the Pits of Slime
 96864 | Slime:2  | Noticed Dissolution
 96885 | Slime:2  | Killed Dissolution
 98502 | Slime:4  | Reached XP level 26. HP: 211/211 MP: 25/45
 99068 | Slime:5  | Entered Level 5 of the Pits of Slime
 99804 | Slime:5  | Noticed the Royal Jelly
 99816 | Slime:5  | Killed the Royal Jelly
100353 | Slime:5  | Identified the ring of Nupsipean {rC+ Will- Dex+6}
100362 | Slime:5  | Identified the +6 battleaxe "Wualis" {vorpal, rC+}
100406 | Slime:5  | Identified the ring of Qete Peo {rN+ rCorr AC+4 Str-2
                  | Slay+2}
100443 | Slime:5  | Got a slimy rune of Zot
100456 | Slime:5  | Got the Tractate on the Impact
100463 | Slime:5  | Identified the ring "Qacir" {Int+6 SInv}
100511 | Slime:5  | Identified the +5 leather armour "Foruveax" {Will+ Int+4}
100939 | Swamp:1  | Killed vampirul's ghost
101713 | Crypt:1  | Entered Level 1 of the Crypt
101878 | Crypt:1  | Acquired the +3 pair of mountain boots {steadfast, rC+}
101878 | Crypt:1  | Found the +3 pair of mountain boots {steadfast, rC+}
102063 | Crypt:1  | Found the +3 giant club "Skullcrusher" {speed, Str+7}
102858 | Crypt:1  | Found a basalt altar of Yredelemnul.
102938 | Crypt:2  | Noticed Boris
102955 | Crypt:2  | Killed Boris
103847 | Crypt:3  | Entered Level 3 of the Crypt
104011 | Crypt:3  | Reached XP level 27. HP: 212/219 MP: 29/46
104627 | Crypt:3  | Noticed a dread lich
104632 | Crypt:3  | Killed a dread lich
104860 | Crypt:3  | Found a staircase to the Tomb.
105598 | Crypt:3  | Identified the amulet "Hyraw" {rElec Will+ Regen+ Str+4
                  | Int+2}
105598 | Crypt:3  | Identified the ring "Baer" {rPois rN+ Str+4 Dex+3}
106340 | Zot:1    | Entered Level 1 of the Realm of Zot
108510 | Zot:2    | Identified the +0 leather armour of Submission {rElec rC++}
108523 | Zot:2    | Identified the +6 short sword "Death Rattle" {flame, Will+
                  | Str+3}
111746 | Zot:4    | Found a runed translucent gate.
111757 | Zot:4    | Found a runed translucent gate.
111758 | Zot:4    | Found a runed translucent gate.
111762 | Zot:4    | Noticed BlackCrag's ghost (veteran MiBe)
111762 | Zot:4    | Noticed an ancient lich
111837 | Zot:5    | Entered Level 5 of the Realm of Zot
111866 | Zot:5    | Noticed an orb of fire
111890 | Zot:5    | Killed an orb of fire
112425 | Lair:5   | Voluntarily entered the Abyss.
112430 | Abyss:1  | Found a corrupted altar of Lugonu.
113230 | Abyss:3  | Noticed a dread lich
113276 | Abyss:3  | Killed a dread lich
113285 | Abyss:3  | Found a corrupted altar of Lugonu.
113355 | Abyss:4  | Got an abyssal rune of Zot
113364 | Lair:5   | Escaped the Abyss
114036 | Hell     | Entered the Vestibule of Hell
114036 | Hell     | Noticed Geryon
114041 | Hell     | Killed Geryon
114083 | Hell     | Noticed Murray
114128 | Depths:1 | Killed Murray
114724 | Hell     | Found a gateway to the ashen valley of Gehenna.
114860 | Hell     | Found a gateway to the decaying netherworld of Tartarus.
114936 | Hell     | Found a gateway to the freezing wastes of Cocytus.
115053 | Hell     | Found a gateway to the Iron City of Dis.
115189 | Hell     | Learned a level 8 spell: Lehudib's Crystal Spear
115198 | Hell     | Learned a level 7 spell: Spellforged Servitor
115478 | Zot:5    | Noticed an orb of fire
115497 | Zot:5    | Killed an orb of fire
116059 | Zot:5    | Noticed an ancient lich
116062 | Zot:5    | Killed an ancient lich
116064 | Zot:5    | Noticed an orb of fire
116065 | Zot:5    | Noticed an orb of fire
116072 | Zot:5    | Noticed an orb of fire
116076 | Zot:5    | Killed an orb of fire
116080 | Zot:5    | Noticed an ancient lich
116095 | Zot:5    | Noticed an orb of fire
116095 | Zot:5    | Killed an orb of fire
116096 | Zot:5    | Noticed a dread lich
116101 | Zot:5    | Noticed an ancient lich
116105 | Zot:5    | Killed an ancient lich
116109 | Zot:5    | Killed an orb of fire
116115 | Zot:5    | Killed an ancient lich
116116 | Zot:5    | Killed an orb of fire
116127 | Zot:5    | Killed a dread lich
116300 | Zot:5    | Gained mutation: You passively map a small area around you.
                  | [mutagenic glow]
116308 | Zot:5    | Gained mutation: You occasionally lose the ability to read
                  | scrolls when taking damage. [mutagenic glow]
116313 | Zot:5    | Lost mutation: You occasionally lose the ability to read
                  | scrolls when taking damage. [potion of mutation]
116313 | Zot:5    | Lost mutation: You passively map a small area around you.
                  | [potion of mutation]
116313 | Zot:5    | Gained mutation: You have a somewhat thin skeletal
                  | structure. (Dex +2, Stealth+) [potion of mutation]
116313 | Zot:5    | Gained mutation: A frigid envelope surrounds you and
                  | freezes all who hurt you. [potion of mutation]
116313 | Zot:5    | Gained mutation: Your flesh is heat resistant. (rF+)
                  | [potion of mutation]
116879 | Zot:5    | Acquired 745 gold pieces
117091 | Zot:4    | Killed an ancient lich
117101 | Zot:4    | Killed BlackCrag's ghost
117157 | Zot:4    | Identified the +1 quarterstaff of War {vorpal, rF+ Int+2
                  | Stlth+}
117161 | Zot:4    | Identified the ring "Ymyecw" {Drain rElec rCorr Dex+6 SInv}
117166 | Zot:4    | Identified the amulet "Juedgh" {Faith rCorr Str+4 Int-4}
117362 | Pan      | Entered Pandemonium
117497 | Pan      | Noticed Lixkask the pandemonium lord
117512 | Pan      | Killed Lixkask the pandemonium lord
118690 | Pan      | Noticed Soel the pandemonium lord
118732 | Pan      | Killed Soel the pandemonium lord
119191 | Pan      | Got a demonic rune of Zot
119425 | Pan      | Noticed Wazxofin the pandemonium lord
119436 | Pan      | Killed Wazxofin the pandemonium lord
120156 | Pan      | Identified the +4 flail of Ashenzari's Esteem {speed, rC+
                  | Str+4}
120210 | Pan      | Noticed Tuisk the pandemonium lord
120214 | Pan      | Killed Tuisk the pandemonium lord
121417 | Pan      | Identified the +8 bardiche of Qeuk {freeze, *Noise rElec
                  | rPois Int+4}
121530 | Pan      | Found an exit through the horrors of the Abyss.
121983 | Pan      | Noticed Mennas
121988 | Pan      | Identified the +5 quarterstaff of Defence {speed, rN++
                  | rCorr Str-3}
122006 | Pan      | Killed Mennas
122508 | Pan      | Noticed Rohun the pandemonium lord
122515 | Pan      | Killed Rohun the pandemonium lord
123821 | Pan      | Found a runed translucent door.
124127 | Pan      | Entered the realm of Gloorx Vloq.
124146 | Pan      | Noticed Gloorx Vloq
124152 | Pan      | Found an exit through the horrors of the Abyss.
124583 | Pan      | Killed Gloorx Vloq
124868 | Pan      | Got a dark rune of Zot
126339 | Pan      | Identified the +2 ring mail of Quxkia {rC++}
126415 | Pan      | Found an exit through the horrors of the Abyss.
126457 | Pan      | Noticed Veejeh the pandemonium lord
126461 | Pan      | Killed Veejeh the pandemonium lord
126947 | Pan      | Noticed Athrogeda the pandemonium lord
127025 | Pan      | Killed Athrogeda the pandemonium lord
128040 | Pan      | Noticed Bymyshasch the pandemonium lord
128604 | Pan      | Killed Bymyshasch the pandemonium lord
129619 | Pan      | Identified the +10 plate armour "Cuuxalaj" {Harm rElec rC-
                  | Will+}
130145 | Pan      | Noticed Radiec the pandemonium lord
130160 | Pan      | Killed Radiec the pandemonium lord
131338 | Pan      | Found an exit through the horrors of the Abyss.
131706 | Pan      | Noticed Sibunij the pandemonium lord
131740 | Pan      | Killed Sibunij the pandemonium lord
132723 | Pan      | Found a runed translucent door.
133348 | Pan      | Noticed Peuteudd the pandemonium lord
133352 | Pan      | Killed Peuteudd the pandemonium lord
135542 | Pan      | Noticed Lygre the pandemonium lord
135550 | Pan      | Killed Lygre the pandemonium lord
135932 | Pan      | Learned a level 1 spell: Apportation
136806 | Pan      | Noticed Gecsear the pandemonium lord
136808 | Pan      | Killed Gecsear the pandemonium lord
137423 | Pan      | Entered the realm of Cerebov.
137438 | Pan      | Found an exit through the horrors of the Abyss.
138336 | Pan      | Identified the +7 mace "Icwa" {vorpal, rPois rC+ MP+9
                  | Dex+3}
138337 | Pan      | Found the +6 sword of Cerebov {flame}
138337 | Pan      | Noticed Cerebov
138371 | Pan      | Killed Cerebov
138509 | Pan      | Identified the +4 falchion of Action {freeze, rElec rC+
                  | Dex+4 SInv}
138540 | Pan      | Got Hozuim's Parchment of the Sweltering Caves
138546 | Pan      | Identified the +6 scale mail of Gigaed {+Inv Str+2 Dex+4}
138547 | Pan      | Identified the amulet "Semaunnata" {Fly rElec rPois Regen+
                  | Int+3}
138654 | Pan      | Identified the +3 robe of Wasted Space {Int+2 Dex+3 Slay+2}
138655 | Pan      | Identified the ring "Deni" {Fire rCorr MP+9 Slay-6}
138659 | Pan      | Identified the +1 ring mail of Gepsu {Str+2 Dex+2}
138695 | Pan      | Identified the ring "Xyotz" {rPois rCorr Str+2 SInv}
138699 | Pan      | Got the Cyclopedia of the Shocking Mortuary
138704 | Pan      | Identified the +7 dagger of Mastery {venom, Drain rF++
                  | SInv}
138765 | Pan      | Identified the +5 spear of Qatusch {venom, rC- MP+9 Int+4
                  | Dex+4}
138826 | Pan      | Got a fiery rune of Zot
139098 | Pan      | Identified the ring "Onar" {rC+ Str+6 Int-4 Dex+5}
139107 | Pan      | Found a transporter.
139160 | Pan      | Reached skill level 27 in Throwing
139183 | Pan      | Identified the +3 mace of Starshine {vorpal, rElec rC+
                  | Will+}
139607 | Pan      | Found a transporter.
139726 | Pan      | Entered the realm of Lom Lobon.
141039 | Pan      | Noticed Lom Lobon
141067 | Pan      | Killed Lom Lobon
141535 | Pan      | Got a magical rune of Zot
142509 | Pan      | Noticed Kafargha the pandemonium lord
142530 | Pan      | Killed Kafargha the pandemonium lord
142750 | Pan      | Found an exit through the horrors of the Abyss.
144324 | Pan      | Noticed Ofaown the pandemonium lord
144352 | Pan      | Killed Ofaown the pandemonium lord
144480 | Pan      | Entered the realm of Mnoleg.
144625 | Pan      | Identified the +5 dagger "Nuppuo" {freeze, rElec rF+ rC+}
145826 | Pan      | Noticed Mnoleg
145977 | Pan      | Killed Mnoleg
146123 | Pan      | Got a glowing rune of Zot
147225 | Pan      | Noticed Bykhul the pandemonium lord
147383 | Pan      | Found an exit through the horrors of the Abyss.
147438 | Pan      | Killed Bykhul the pandemonium lord
148190 | Pan      | Found an exit through the horrors of the Abyss.
148273 | Pan      | Noticed Refedo the pandemonium lord
148288 | Pan      | Killed Refedo the pandemonium lord
148962 | Depths:2 | Escaped Pandemonium
149799 | Pan      | Entered Pandemonium
149802 | Pan      | Noticed Limnamat the pandemonium lord
150563 | Pan      | Killed Limnamat the pandemonium lord
152874 | Pan      | Noticed a seraph
152887 | Pan      | Killed a seraph
152970 | Pan      | Found a glowing golden altar of the Shining One.
153040 | Pan      | Identified the +1 scale mail of Tulips {rElec rPois rC-
                  | Str+7}
153045 | Pan      | Got the Papyrus of Incandescent Bedrock
153850 | Pan      | Found a glowing silver altar of Zin.
154725 | Pan      | Identified the +5 hand axe of Doom {drain, Will+ Str+4}
155481 | Pan      | Found a white marble altar of Elyvilon.
155989 | Pan      | Noticed Vaibred the pandemonium lord
155994 | Pan      | Killed Vaibred the pandemonium lord
156494 | Pan      | Learned a level 8 spell: Ignition
156895 | Pan      | Noticed Xuewuxi the pandemonium lord
156905 | Pan      | Reached skill level 27 in Invocations
156917 | Pan      | Killed Xuewuxi the pandemonium lord
157210 | Pan      | Found an exit through the horrors of the Abyss.
158139 | Pan      | Noticed Huetadd the pandemonium lord
158143 | Pan      | Killed Huetadd the pandemonium lord
158604 | Pan      | Found a runed translucent door.
158683 | Pan      | Found a runed translucent door.
158683 | Pan      | Found a runed translucent door.
158700 | Pan      | Found a runed translucent door.
158825 | Pan      | Found an exit through the horrors of the Abyss.
159863 | Pan      | Noticed Ufeid the pandemonium lord
159877 | Pan      | Killed Ufeid the pandemonium lord
160031 | Depths:2 | Escaped Pandemonium
160339 | Lair:1   | Learned a level 9 spell: Polar Vortex
160552 | Pan      | Entered Pandemonium
160596 | Pan      | Noticed Mudop the pandemonium lord
160600 | Pan      | Killed Mudop the pandemonium lord
161556 | Pan      | Identified the +1 ring mail of Misanthropy {Rampage Will++
                  | rCorr}
162864 | Pan      | Noticed Miuhy the pandemonium lord
162878 | Pan      | Killed Miuhy the pandemonium lord
163156 | Pan      | Found an exit through the horrors of the Abyss.
163462 | Pan      | Found an exit through the horrors of the Abyss.
163580 | Pan      | Noticed Keorel the pandemonium lord
163599 | Abyss:4  | Cast into level 4 of the Abyss (Keorel)
163621 | Pan      | Escaped the Abyss
163632 | Pan      | Killed Keorel the pandemonium lord
164529 | Pan      | Found an exit through the horrors of the Abyss.
164579 | Pan      | Identified the +3 helmet "Yhirch Tiush" {Fly Str+4}
164992 | Pan      | Found a runed translucent door.
165744 | Pan      | Noticed Waufrito the pandemonium lord
165764 | Pan      | Killed Waufrito the pandemonium lord
166497 | Pan      | Noticed Wosyug the pandemonium lord
166510 | Pan      | Killed Wosyug the pandemonium lord
166969 | Pan      | Found an exit through the horrors of the Abyss.
167786 | Pan      | Identified the +4 sling "Laitavaan" {freeze, rC- rCorr
                  | Str+3}
167992 | Pan      | Found an exit through the horrors of the Abyss.
168186 | Pan      | Identified the +6 dire flail of Gallantry {vamp, Int+4
                  | Dex+4}
168593 | Pan      | Noticed Songisis the pandemonium lord
168601 | Pan      | Killed Songisis the pandemonium lord
168801 | Pan      | Found an exit through the horrors of the Abyss.
168972 | Pan      | Noticed Xoptuum the pandemonium lord
168989 | Pan      | Killed Xoptuum the pandemonium lord
170109 | Pan      | Found a transporter.
170426 | Pan      | Found a transporter.
170793 | Pan      | Identified the ring of Xom's Entertainment {Contam rElec
                  | rF+ rN+ Slay+2}
170805 | Pan      | Identified the ring "Emu Heiv" {Int+6 Dex+4}
170857 | Pan      | Found an exit through the horrors of the Abyss.
171077 | Pan      | Noticed Viugie the pandemonium lord
171093 | Pan      | Killed Viugie the pandemonium lord
171736 | Pan      | Learned a level 2 spell: Sublimation of Blood
172097 | Pan      | Identified the +8 quarterstaff of Laceration {protect, rN++
                  | Will+ rCorr Str-2}
172153 | Pan      | Acquired a book of Spatial Translocations
172277 | Pan      | Found an exit through the horrors of the Abyss.
172370 | Pan      | Noticed Daus the pandemonium lord
172383 | Pan      | Killed Daus the pandemonium lord
172912 | Depths:2 | Escaped Pandemonium
173670 | Zig:1    | Entered Level 1 of a ziggurat
173690 | Zig:2    | Entered Level 2 of a ziggurat
173711 | Zig:3    | Entered Level 3 of a ziggurat
173718 | Zig:3    | Reached skill level 27 in Transmutations
173734 | Zig:3    | Identified the +0 pair of gloves of the Lion {Harm rPois
                  | rCorr}
173767 | Zig:4    | Entered Level 4 of a ziggurat
173822 | Zig:5    | Entered Level 5 of a ziggurat
173865 | Zig:6    | Entered Level 6 of a ziggurat
173888 | Zig:6    | Identified the ring "Mailanae" {rPois Int+4 Slay+4 SInv}
173896 | Zig:6    | Identified the +0 pair of gloves of Springtime {Dex+3}
173922 | Zig:7    | Entered Level 7 of a ziggurat
174001 | Zig:8    | Entered Level 8 of a ziggurat
174084 | Zig:9    | Entered Level 9 of a ziggurat
174093 | Zig:9    | Noticed Vuzoy the pandemonium lord
174095 | Zig:9    | Killed Vuzoy the pandemonium lord
174113 | Zig:9    | Identified the +5 flail of Dait {pain, Str+3 SInv}
174119 | Zig:9    | Identified the ring "Qurchas" {rElec rC+++ AC+4 Int-5 SInv}
174200 | Zig:10   | Entered Level 10 of a ziggurat
174210 | Zig:10   | Noticed Utecvahi the pandemonium lord
174218 | Zig:10   | Reached skill level 27 in Spellcasting
174219 | Zig:10   | Killed Utecvahi the pandemonium lord
174252 | Zig:10   | Identified the +8 dagger of the Meager God {vorpal, rElec
                  | rPois rF- Dex-4}
174301 | Zig:11   | Entered Level 11 of a ziggurat
174316 | Zig:11   | Reached skill level 27 in Dodging
174331 | Zig:11   | Identified the +9 plate armour of the Skies Above {rElec
                  | rC++ Will- Int-3}
174359 | Zig:11   | Identified the ring of the Hurtling Gods {rF+ Str+3 Dex+6}
174406 | Zig:12   | Entered Level 12 of a ziggurat
174418 | Zig:12   | Noticed a juggernaut
174421 | Zig:12   | Noticed a juggernaut
174421 | Zig:12   | Found the +6 arbalest "Damnation" {damnation}
174422 | Zig:12   | Killed a juggernaut
174423 | Zig:12   | Reached skill level 27 in Stealth
174428 | Zig:12   | Killed a juggernaut
174457 | Zig:12   | Got the Directory of Frostbitten Outbursts
174490 | Zig:12   | Identified the ring "Qeodghame" {Fly rC+ Int+4}
174536 | Zig:13   | Entered Level 13 of a ziggurat
174548 | Zig:13   | Noticed an ancient lich
174564 | Zig:13   | Killed an ancient lich
174639 | Zig:13   | Identified the ring of the Failed Coup {Wiz rPois rF+ rC+
                  | Slay-5}
174641 | Zig:13   | Identified the ring "Fevuqo" {rPois rF- Str+6 Dex+4 SInv}
174672 | Zig:14   | Entered Level 14 of a ziggurat
174690 | Zig:14   | Noticed a royal mummy
174691 | Zig:14   | Found the +7 great mace "Firestarter" {inner flame, rF++}
174693 | Zig:14   | Noticed a royal mummy
174698 | Zig:14   | Killed a royal mummy
174700 | Zig:14   | Killed a royal mummy
174730 | Zig:14   | Identified the ring of the Salamander {Fly rC+ rCorr Str-3
                  | Dex+4}
174750 | Zig:14   | Identified the +9 short sword "Keym" {flame, rN+ rCorr}
174764 | Zig:14   | Identified the ring "Zaoteace" {rElec rF+}
174772 | Zig:14   | Got the Collected Works on Conflict
174827 | Zig:15   | Entered Level 15 of a ziggurat
174852 | Zig:15   | Reached skill level 27 in Fighting
174852 | Zig:15   | Reached skill level 27 in Short Blades
174852 | Zig:15   | Reached skill level 27 in Long Blades
174852 | Zig:15   | Reached skill level 27 in Axes
174852 | Zig:15   | Reached skill level 27 in Maces & Flails
174852 | Zig:15   | Reached skill level 27 in Polearms
174852 | Zig:15   | Reached skill level 27 in Staves
174852 | Zig:15   | Reached skill level 27 in Ranged Weapons
174852 | Zig:15   | Reached skill level 27 in Armour
174852 | Zig:15   | Reached skill level 27 in Shields
174852 | Zig:15   | Reached skill level 27 in Unarmed Combat
174852 | Zig:15   | Reached skill level 27 in Evocations
174879 | Zig:15   | Found the +9 sword of Zonguldrok {reap}
174895 | Zig:15   | Identified the +8 rapier of Ornamental Action {drain, rPois
                  | rF+}
174905 | Zig:15   | Identified the +5 triple sword of Insomnia {vorpal, rPois
                  | rC+}
174918 | Zig:15   | Identified the +4 scimitar "Suexzes" {venom, rF++}
174977 | Zig:16   | Entered Level 16 of a ziggurat
174998 | Zig:16   | Noticed Vamopem the pandemonium lord
175004 | Zig:16   | Killed Vamopem the pandemonium lord
175098 | Zig:16   | Identified the +4 shortbow of Kipazuo {venom, Will- rCorr
                  | MP+9 Str+2}
175159 | Zig:17   | Entered Level 17 of a ziggurat
175206 | Zig:17   | Identified the ring "Acsip" {rCorr Dex+5}
175287 | Zig:18   | Entered Level 18 of a ziggurat
175306 | Zig:18   | Noticed a juggernaut
175307 | Zig:18   | Noticed a juggernaut
175307 | Zig:18   | Noticed a juggernaut
175308 | Zig:18   | Noticed a juggernaut
175308 | Zig:18   | Noticed a juggernaut
175309 | Zig:18   | Noticed a juggernaut
175309 | Zig:18   | Killed a juggernaut
175309 | Zig:18   | Killed a juggernaut
175309 | Zig:18   | Killed a juggernaut
175310 | Zig:18   | Noticed a juggernaut
175312 | Zig:18   | Noticed a juggernaut
175313 | Zig:18   | Killed a juggernaut
175315 | Zig:18   | Killed a juggernaut
175315 | Zig:18   | Killed a juggernaut
175317 | Zig:18   | Killed a juggernaut
175322 | Zig:18   | Killed a juggernaut
175366 | Zig:18   | Identified the amulet of Zeovelud {rF+ Regen+ rCorr SInv}
175379 | Zig:18   | Identified the ring "Hasirepa" {Fly rF+}
175389 | Zig:18   | Identified the ring of Osuhel {Fire Int+3}
175600 | Zig:19   | Entered Level 19 of a ziggurat
175628 | Zig:19   | Found the dreamshard necklace {*Dream Drain}
175634 | Zig:19   | Found the +3 salamander hide armour {Flames rF++ rC--}
175681 | Zig:19   | Identified the +9 short sword of the Bouncing Mouths {elec,
                  | rPois MP+9}
175864 | Zig:20   | Entered Level 20 of a ziggurat
176004 | Zig:20   | Identified the +0 robe "Jyllecw" {+Inv rC- SInv Stlth-}
176007 | Zig:20   | Identified the ring of Huem {Fire Int+4 Dex+7 Stlth-}
176008 | Zig:20   | Identified the +2 long sword "Cuepn" {vorpal, rN+ SInv}
176151 | Zig:21   | Entered Level 21 of a ziggurat
176340 | Zig:21   | Identified the +0 helmet of Mumblety Peg {rElec rPois Int+4
                  | Slay+2}
176348 | Zig:21   | Identified the amulet "Xiemautt" {Spirit +Inv}
176460 | Zig:22   | Entered Level 22 of a ziggurat
176583 | Zig:22   | Identified the ring of the Lobster {rPois rCorr MP+9 Dex+4}
176587 | Zig:22   | Identified the +7 sling of Victory {freeze, *Corrode rC+
                  | Will++}
176607 | Zig:22   | Identified the +9 broad axe "Okkili" {vorpal, Will+}
176704 | Zig:23   | Entered Level 23 of a ziggurat
176777 | Zig:23   | Identified the ring "Possexza" {rPois rC+ Int+6 Dex+5}
176785 | Zig:23   | Identified the ring of Relativism {Ice Int+4 Dex+4 SInv
                  | Stlth-}
176841 | Zig:23   | Identified the +0 helmet of Midnight {rF+ Int+2}
176843 | Zig:23   | Identified the +7 war axe of Disembowelment {drain, rC-
                  | rN+++ Str+2}
176973 | Zig:24   | Entered Level 24 of a ziggurat
177000 | Zig:24   | Noticed a dread lich
177001 | Zig:24   | Noticed a dread lich
177007 | Zig:24   | Killed a dread lich
177010 | Zig:24   | Killed a dread lich
177034 | Zig:24   | Found the +7 Singing Sword {vorpal, sonic wave}
177090 | Zig:24   | Identified the ring "Xaodamem" {rF- Will- MP+9 Int+8
                  | Slay+4}
177091 | Zig:24   | Identified the +7 spear of Okawaru's Wrath {vorpal, rElec
                  | rC+ rCorr}
177102 | Zig:24   | Identified the +6 shortbow "Lifebane" {freeze, +Blink rElec
                  | rF+ rC-}
177110 | Zig:24   | Identified the +1 robe of a Billion People {rPois}
177242 | Zig:25   | Entered Level 25 of a ziggurat
177276 | Zig:25   | Reached skill level 27 in Conjurations
177430 | Zig:25   | Identified the ring of Niat {rPois rCorr Dex+5}
177438 | Zig:25   | Identified the +7 war axe "Beastbane" {flame, rPois Will+
                  | Str+4}
177442 | Zig:25   | Identified the +3 ring mail of the Moon Troll {rC+}
177445 | Zig:25   | Identified the +6 scale mail of Qepheg {Will+ Str-5 Dex+2}
177540 | Zig:26   | Entered Level 26 of a ziggurat
177731 | Zig:26   | Identified the +7 mace of Pride {drain, rElec rC- Dex+7}
177736 | Zig:26   | Identified the +3 arbalest "Qoim" {flame, rC- rN+++ Dex+5}
177737 | Zig:26   | Identified the +9 bardiche of the Mind {antimagic, rC+ rN+
                  | Str-2 Dex+2}
177754 | Zig:26   | Identified the +5 arbalest of Theory {penet, rPois Str+3
                  | Int+3}
177755 | Zig:26   | Identified the +6 glaive "Blob" {venom, rC+}
177757 | Zig:26   | Identified the ring of Zemmyilo {*Slow Str+6 Int+4 Stlth+}
177764 | Zig:26   | Identified the +4 scale mail of the Other World {+Inv
                  | Slay+2}
178108 | Zig:27   | Entered Level 27 of a ziggurat
178144 | Zig:27   | Reached skill level 27 in Hexes
178144 | Zig:27   | Reached skill level 27 in Summonings
178144 | Zig:27   | Reached skill level 27 in Necromancy
178144 | Zig:27   | Reached skill level 27 in Translocations
178144 | Zig:27   | Reached skill level 27 in Fire Magic
178144 | Zig:27   | Reached skill level 27 in Ice Magic
178144 | Zig:27   | Reached skill level 27 in Air Magic
178144 | Zig:27   | Reached skill level 27 in Earth Magic
178144 | Zig:27   | Reached skill level 27 in Poison Magic
178524 | Zig:27   | Identified the +3 ring mail of the Tundras {Rampage MP+9}
178525 | Zig:27   | Identified the quicksilver dragon scales "Elizaxky" {rPois
                  | Will+}
178546 | Zig:27   | Identified the +5 flail of the Shrike {vorpal, rC+ Will+
                  | Dex-4}
178925 | Lair:1   | Acquired 1295 gold pieces
180410 | Elf:2    | Bought a scroll of enchant weapon for 97 gold pieces
181849 | Coc:1    | Entered Level 1 of Cocytus
184395 | Coc:7    | Entered Level 7 of Cocytus
184430 | Coc:7    | Paralysed by a wendigo for 1 turns
184907 | Coc:7    | Identified the +7 shortbow of the Big Bang {freeze, rC+ rN+
                  | Will-}
184944 | Coc:7    | Identified the +0 helmet "Yrigoc" {MP-9 Int+4 Dex+7}
184956 | Coc:7    | Identified the +1 pair of gloves "Saanauce" {Will+ Int+3}
185022 | Coc:7    | Noticed Antaeus
185042 | Coc:7    | Banished Antaeus
185087 | Coc:7    | Got an icy rune of Zot
185264 | Coc:7    | Paralysed by a wendigo for 1 turns
185667 | Geh:1    | Entered Level 1 of Gehenna
187760 | Geh:6    | Noticed a dread lich
187784 | Geh:6    | Killed a dread lich
188313 | Geh:7    | Entered Level 7 of Gehenna
188979 | Geh:7    | Found the +7 sceptre of Asmodeus
188979 | Geh:7    | Noticed Asmodeus
189000 | Geh:7    | Killed Asmodeus
189015 | Geh:7    | Got an obsidian rune of Zot
189067 | Geh:7    | Identified the ring "Nulac" {rF+ MP+9 Str+3}
189071 | Geh:7    | Identified the +7 rapier "Umoegi" {spect, +Blink Will++
                  | Str-2 Dex+4}
189098 | Geh:7    | Identified the +5 triple crossbow of Extermination {elec,
                  | rPois Int+3 SInv}
189495 | Pan      | Entered Pandemonium
189570 | Pan      | Noticed Pocut the pandemonium lord
189580 | Pan      | Killed Pocut the pandemonium lord
189650 | Pan      | Identified the +3 scale mail of the Echidna {rC+ SInv
                  | Stlth-}
189898 | Pan      | Found an exit through the horrors of the Abyss.
191130 | Pan      | Took an exit into the Abyss.
191130 | Abyss:4  | Escaped into the Abyss
191130 | Abyss:4  | Found a corrupted altar of Lugonu.
191145 | Depths:2 | Escaped the Abyss
191663 | Tar:1    | Entered Level 1 of Tartarus
191931 | Tar:2    | Noticed an ancient lich
191934 | Tar:2    | Killed an ancient lich
192223 | Tar:3    | Noticed an ancient lich
192234 | Tar:3    | Killed an ancient lich
192617 | Tar:4    | Noticed a dread lich
192633 | Tar:4    | Killed a dread lich
193940 | Tar:7    | Entered Level 7 of Tartarus
195087 | Tar:7    | Noticed Ereshkigal
195109 | Tar:7    | Killed Ereshkigal
195138 | Tar:7    | Got a bone rune of Zot
195646 | Lair:1   | Learned a level 9 spell: Shatter
195923 | Dis:1    | Entered Level 1 of the Iron City of Dis
198209 | Dis:6    | Noticed a dread lich
198215 | Dis:6    | Killed a dread lich
198561 | Dis:7    | Entered Level 7 of the Iron City of Dis
201510 | Dis:7    | Noticed the Serpent of Hell
201521 | Dis:7    | Killed the Serpent of Hell
202027 | Dis:7    | Found the +4 staff of Dispater
202027 | Dis:7    | Noticed Dispater
202029 | Dis:7    | Noticed a juggernaut
202030 | Dis:7    | Found the +9 staff of Olgreb {rPois∞}
202033 | Dis:7    | Killed a juggernaut
202035 | Dis:7    | Killed Dispater
202060 | Dis:7    | Got an iron rune of Zot
202468 | Dis:7    | Noticed a juggernaut
202472 | Dis:7    | Killed a juggernaut
202742 | Dis:7    | Identified the amulet of Coufruzoul {Spirit Int+3}
202755 | Dis:7    | Identified the +8 halberd "Box Owed" {freeze, rN++ Will-
                  | Str+3}
203381 | Tomb:1   | Entered Level 1 of the Tomb of the Ancients
203948 | Tomb:1   | Noticed a royal mummy
203961 | Tomb:1   | Killed a royal mummy
203964 | Tomb:1   | Noticed a royal mummy
203964 | Tomb:1   | Noticed a royal mummy
203964 | Tomb:1   | Noticed a royal mummy
203969 | Tomb:1   | Killed a royal mummy
203970 | Tomb:1   | Killed a royal mummy
203974 | Tomb:1   | Killed a royal mummy
204007 | Tomb:1   | Found the brooch of Shielding {Spirit SH+8}
204105 | Tomb:1   | Noticed a royal mummy
204121 | Tomb:1   | Killed a royal mummy
204233 | Tomb:1   | Noticed a royal mummy
204244 | Tomb:1   | Killed a royal mummy
204367 | Tomb:1   | Noticed a royal mummy
204371 | Tomb:1   | Noticed a royal mummy
204379 | Tomb:1   | Killed a royal mummy
204381 | Tomb:1   | Killed a royal mummy
204393 | Tomb:1   | Noticed a royal mummy
204403 | Tomb:1   | Killed a royal mummy
204515 | Tomb:1   | Identified the ring "Giangu Nakh" {AC+4 Int+4 Dex-2 Slay+2}
204563 | Tomb:1   | Noticed a royal mummy
204568 | Tomb:1   | Noticed a royal mummy
204573 | Tomb:1   | Killed a royal mummy
204576 | Tomb:1   | Killed a royal mummy
204581 | Tomb:1   | Noticed a royal mummy
204587 | Tomb:1   | Killed a royal mummy
204763 | Tomb:1   | Noticed a royal mummy
204770 | Tomb:1   | Killed a royal mummy
204794 | Tomb:1   | Noticed a royal mummy
204806 | Tomb:1   | Killed a royal mummy
204851 | Tomb:1   | Noticed a royal mummy
204862 | Tomb:1   | Killed a royal mummy
204889 | Tomb:1   | Noticed a royal mummy
204901 | Tomb:1   | Killed a royal mummy
204924 | Tomb:1   | Noticed a royal mummy
204924 | Tomb:1   | Noticed a royal mummy
204925 | Tomb:1   | Noticed a royal mummy
204926 | Tomb:1   | Noticed a royal mummy
204928 | Tomb:1   | Killed a royal mummy
204929 | Tomb:1   | Killed a royal mummy
204929 | Tomb:1   | Killed a royal mummy
204934 | Tomb:1   | Killed a royal mummy
205018 | Tomb:1   | Noticed a royal mummy
205030 | Tomb:1   | Killed a royal mummy
205068 | Tomb:1   | Noticed a royal mummy
205069 | Tomb:1   | Noticed a royal mummy
205070 | Tomb:1   | Noticed a royal mummy
205071 | Tomb:1   | Noticed a royal mummy
205072 | Tomb:1   | Noticed a royal mummy
205074 | Tomb:1   | Killed a royal mummy
205074 | Tomb:1   | Noticed a royal mummy
205075 | Tomb:1   | Killed a royal mummy
205075 | Tomb:1   | Killed a royal mummy
205075 | Tomb:1   | Killed a royal mummy
205076 | Tomb:1   | Killed a royal mummy
205077 | Tomb:1   | Killed a royal mummy
205088 | Tomb:1   | Noticed a royal mummy
205176 | Tomb:1   | Killed a royal mummy
205272 | Tomb:1   | Identified the +4 chain mail of Dithmenos's Generosity
                  | {Dex+4}
205555 | Tomb:2   | Noticed a royal mummy
205657 | Tomb:2   | Noticed a royal mummy
205657 | Tomb:2   | Noticed a royal mummy
205662 | Tomb:2   | Noticed a royal mummy
205663 | Tomb:2   | Killed a royal mummy
205666 | Tomb:2   | Killed a royal mummy
205669 | Tomb:2   | Noticed a royal mummy
205671 | Tomb:2   | Killed a royal mummy
205672 | Tomb:2   | Killed a royal mummy
205672 | Tomb:2   | Killed a royal mummy
205693 | Tomb:2   | Noticed Boris
205701 | Tomb:2   | Killed Boris
206605 | Tomb:3   | Entered Level 3 of the Tomb of the Ancients
206661 | Tomb:3   | Noticed a royal mummy
206678 | Tomb:3   | Killed a royal mummy
206720 | Tomb:3   | Noticed a royal mummy
206731 | Tomb:3   | Noticed a royal mummy
206736 | Tomb:3   | Killed a royal mummy
206765 | Tomb:3   | Noticed a royal mummy
206782 | Tomb:3   | Killed a royal mummy
206787 | Tomb:3   | Killed a royal mummy
207121 | Pan      | Entered Pandemonium
207366 | Pan      | Identified the +9 hand axe of Destiny {vamp, Dex+4}
207734 | Pan      | Identified the +8 glaive "Giott" {antimagic, rF+ rC- Int+6
                  | Stlth+}
207821 | Pan      | Identified the +10 arbalest of Uhenedow {venom, rPois}
208229 | Pan      | Found an exit through the horrors of the Abyss.
208648 | Depths:2 | Escaped Pandemonium
209763 | Tomb:3   | Noticed a royal mummy
209767 | Tomb:3   | Noticed a royal mummy
209774 | Tomb:3   | Killed a royal mummy
209785 | Tomb:3   | Killed a royal mummy
209941 | Tomb:3   | Identified the +6 falchion of the Madman {spect, Str+5
                  | Int+3}
209952 | Tomb:3   | Identified the ring of Xukk {Fire Str+7 SInv}
209954 | Tomb:3   | Identified the ring "Leixtikh" {rElec rC- EV+4 Dex+3 SInv}
210062 | Tomb:3   | Noticed a royal mummy
210075 | Tomb:3   | Noticed a royal mummy
210078 | Tomb:3   | Killed a royal mummy
210079 | Tomb:3   | Killed a royal mummy
210084 | Tomb:3   | Noticed a royal mummy
210094 | Tomb:3   | Killed a royal mummy
210271 | Tomb:3   | Got a golden rune of Zot
210851 | Zot:5    | Got the Orb of Zot
210930 | Zot:4    | Noticed Wezyipsu the pandemonium lord
210931 | Zot:4    | Noticed Qohabbog the pandemonium lord
211053 | Depths:3 | Noticed Yphiets the pandemonium lord
211053 | Depths:3 | Noticed an ancient lich
211469 | D:$      | Escaped with the Orb!

Illustrated notes

Levels and vault maps discovered:
D:1:      sevenhm_arrival_forest_fort_small_6, layout_basic
D:2:      layout_rooms, ebering_ecumenical_altar_box, uniq_crazy_yiuf_cottage
D:3:      layout_loops_ring, lemuel_round_altar, mainiacjoe_overflow_alcove_4
D:4:      layout_basic, serial_shops, shop, shop_statue, shop,
          minmay_misc_feat_diagonals, minmay_misc_feat_room,
          corexii_corridor_pit, uniq_duvessa
D:5:      layout_loops_corners, minmay_temple_entry_butterflies, st_stairs_5,
          minmay_misc_feat_chi
D:6:      layout_basic, mainiacjoe_overflow_paths, cheibrodos_sewer_entry_sluice
D:7:      layout_basic, nicolae_overflow_hidden_temple, serial_shops, shop
D:8:      layout_gridville, old_standard_altar, mainiacjoe_overflow_alcove_1,
          yredelemnul_forgotten_temple_becter, nicolae_dithmenos_the_darkroom,
          due_lair_maze_entry_diamond, minmay_manual_mullet, uniq_erica
D:9:      layout_irregular_city, serial_shops, nicolae_take_the_stairs
D:10:     layout_gridville, grunt_temple_overflow_lords_of_destruction,
          orc_0_dummy, serial_shops, shop, uniq_erolcha
D:11:     layout_long_grid, kennysheep_nub
D:12:     argonaut_augean_stables, layout_loops_ring
D:13:     layout_roguey, david_vaults_3
D:14:     layout_loops_corners, hangedman_abyss_or_decor_slice
D:15:     hangedman_depths_entry_try_elsewhere_first, layout_loops_ring,
          dk_noncrumbling_2
Temple:   nicolae_temple_ecumenical_triangle
Lair:1:   layout_misc_corridors, grunt_megastairs_5
Lair:2:   layout_cave_pods, skrybe_swamp_entry_bodies, serial_bayou_crossing,
          uniq_fannar
Lair:3:   layout_long_grid, spider_nest_entry_rubble,
          portal_ice_cave_entry_pillars_2, beast_lair_carwin_1, uniq_rupert
Lair:4:   layout_big_grid, minmay_slime_entry_jelly_boxes, nzn_sisyphean_effort,
          uniq_urug
Lair:5:   hellmonk_lair_end_abyssal_woods, layout_regular_city, minivault_23,
          st_stairs_11, serial_bayou_ford_a, serial_bayou_shore_a
Swamp:1:  nicolae_swamp_long_stream, layout_falls_marsh, gammafunk_ghost_arena,
          evilmike_swamp_ruin_house_4, swamp_pool2, nicolae_swamp_catching_bugs
Swamp:2:  layout_falls_marsh, nicolae_swamp_very_dense_foliage
Swamp:3:  layout_falls_marsh, evilmike_swamp_ruin_house_1, swamp_pool2
Swamp:4:  swamp_pestilence, layout_basic_swamp, swamp_pool1
Spider:1: nicolae_spider_hilbert_zone_2 [nicolae_spider_hilbert_4_sides_1_open,
          nicolae_spider_hilbert_4_sides_1_open,
          nicolae_spider_hilbert_4_sides_1_open,
          nicolae_spider_hilbert_4_sides_1_open,
          nicolae_spider_hilbert_6_sides_1_open,
          nicolae_spider_hilbert_6_sides_1_open,
          nicolae_spider_hilbert_3_sides_1_open,
          nicolae_spider_hilbert_3_sides_1_open,
          nicolae_spider_hilbert_3_sides_1_open,
          nicolae_spider_hilbert_3_sides_1_open,
          nicolae_spider_hilbert_6_sides_1_open,
          nicolae_spider_hilbert_6_sides_1_open,
          nicolae_spider_hilbert_6_sides_1_open,
          nicolae_spider_hilbert_6_sides_1_open]
Spider:2: lemuel_spider_zombies
Spider:3: layout_spider_delve, nicolae_spider_webs_and_nodes, uniq_agnes,
          uniq_nikola
Spider:4: grunt_spider_rune_circles
Slime:1:  layout_caves
Slime:2:  layout_caves, uniq_dissolution
Slime:3:  layout_caves
Slime:4:  cheibrodos_slime_lost_civilization_1, layout_caves
Slime:5
Orc:1:    layout_diamond_mine, serial_shops,
          nicolae_shop_temple_entry_statues_fountains, nicolae_orc_pool_cavern
Orc:2:    st_orc_town, layout_diamond_mine, serial_shops, nicolae_diamond_shop,
          uniq_sonja, uniq_jorgrun
Elf:1:    eino_elf_arrival_sip, layout_gridlike, serial_shops, bzr_entry_safe,
          hangedman_elven_crosses_minicolossus, grunt_ministairs_11
Elf:2:    nicolae_elf_blades_splatter_lattice [nicolae_blade_entry_antechamber],
          layout_gridlike, serial_shops, nicolae_shop_advertising_works
          [nicolae_subvault_shop_adworks], nicolae_shop_hallway_plus,
          nicolae_shop_waterfront, shop, shop,
          minmay_checkered_concentric_circles
Elf:3:    minmay_elf_hall_hex, layout_loops_corners, enter_trove_6, drop_trap,
          uniq_asterion
Vaults:1: v_misc_4, v_alt_pattern_2, nicolae_vaults_ninety_degrees,
          hangedman_vaults_stream, v_pattern_3, ontoclasm_vaults_shuriken,
          v_alt_pattern_1, v_alt_pattern_2, ontoclasm_vaults_gateway,
          nicolae_vaults_shelves_hall, vaults_dpeg_hooks,
          nicolae_vaults_little_squares_4, vaults_mumra_chevron,
          layout_vaults_omnicross
Vaults:2: nicolae_vaults_asterisk, nicolae_vaults_network_quincunx
          [nicolae_vaults_network_quincunx_subvault,
          nicolae_vaults_network_quincunx_subvault,
          nicolae_vaults_network_quincunx_subvault,
          nicolae_vaults_network_quincunx_subvault,
          nicolae_vaults_network_quincunx_subvault], v_misc_17,
          hangedman_vaults_corner_blocks, nicolae_vaults_little_squares_1,
          v_misc_24, vaults_mumra_hexcomb, minmay_crypt_entry_simple_round,
          nicolae_vaults_little_squares_4, layout_vaults_omnigrid
Vaults:3: nicolae_vaults_big_ls, nicolae_vaults_little_squares_3,
          nicolae_vaults_network_star, nicolae_vaults_theta, v_rooms_1,
          nicolae_vaults_little_squares_3, ontoclasm_vaults_ligature,
          ontoclasm_vaults_ring_small, vaults_room_door_hall, v_misc_4,
          v_rooms_4, nicolae_vaults_bisected_slash, layout_vaults_maze_bifur,
          serial_shops, nicolae_shop_stone
Vaults:4: vaults_standard_mumra_lines, hangedman_vaults_locks,
          ontoclasm_vaults_bender, nicolae_vaults_yaktaur_gun_rack,
          ontoclasm_vaults_ring_small, hangedman_vaults_stretched_pinwheel,
          hangedman_vaults_maws, v_misc_12, st_octagons_1,
          nicolae_vaults_little_squares_2, vaults_room_grid, v_misc_8,
          vaults_dpeg_diagonal, layout_vaults_omnibox
Vaults:5
Crypt:1:  layout_gridlike, minmay_guarded_unrand_skullcrusher,
          lemuel_upstairs_altar, grunt_crypt_arrival_webbed
Crypt:2:  layout_misc_corridors, uniq_boris
Crypt:3:  due_elkab, layout_chaotic_city, nicolae_tomb_entry_rubble_hallway
Tomb:1
Tomb:2
Tomb:3
Depths:1: layout_gridlike, serial_sigils_hangedman_confine, hell_entry,
          nicolae_specific_store, amcnicky_mini_pool_medium, minmay_shop_star
Depths:2: minmay_the_grid_ultimate [minmay_the_grid_prize_inner_circle,
          minmay_the_grid_prize_four_corners_diamond_a,
          minmay_the_grid_prize_four_corners, minmay_the_grid_prize_trominoes,
          minmay_the_grid_square_5x5_misaligned, minmay_the_grid_square_5x5_six,
          minmay_the_grid_square_5x5_seven,
          minmay_the_grid_square_5x5_bracketed,
          minmay_the_grid_square_5x5_minimal, minmay_the_grid_square_5x5_plus,
          minmay_the_grid_square_5x5_two_walls_a,
          minmay_the_grid_square_5x5_sharp_hourglass,
          minmay_the_grid_square_5x5_n_small,
          minmay_the_grid_square_5x5_six_small,
          minmay_the_grid_square_5x5_percent,
          minmay_the_grid_square_5x5_spiral_small,
          minmay_the_grid_square_5x5_three_walls,
          minmay_the_grid_square_5x5_bridge,
          minmay_the_grid_square_5x5_checkered_sparse,
          minmay_the_grid_triangle_9x9_stretched_checkered,
          minmay_the_grid_triangle_9x9_fully_insulated_deathbox,
          minmay_the_grid_triangle_9x9_steps,
          minmay_the_grid_triangle_9x9_corrupted_corridor,
          minmay_the_grid_triangle_9x9_swiss_cheese,
          minmay_the_grid_triangle_9x9_pentomino_pain,
          minmay_the_grid_triangle_9x9_subtriangle,
          minmay_the_grid_triangle_9x9_semitri,
          minmay_the_grid_triangle_9x9_negative_grid,
          minmay_the_grid_triangle_9x9_tough_junction,
          minmay_the_grid_triangle_9x9_alien,
          minmay_the_grid_triangle_9x9_dagger,
          minmay_the_grid_triangle_9x9_sprig,
          minmay_the_grid_triangle_9x9_cache,
          minmay_the_grid_triangle_9x9_wacky_v,
          minmay_the_grid_triangle_9x9_corruption,
          minmay_the_grid_square_5x5_dogpile, minmay_the_grid_octo_77,
          minmay_the_grid_octo_odd_swirl, minmay_the_grid_octo_tetromino_candy,
          minmay_the_grid_octo_chip, minmay_the_grid_octo_vomiting_pacman,
          minmay_the_grid_octo_fan_narrow, minmay_the_grid_octo_thin_diamonds,
          minmay_the_grid_octo_concentric, minmay_the_grid_gridbox,
          minmay_the_grid_x, minmay_the_grid_rooms, minmay_the_grid_large_cup],
          pan_entry, hell_entry
Depths:3: hangedman_spin_cycle, abyss_entry, hell_entry
Depths:4: grunt_x_marks_the_spot, layout_cave_pools, enter_ziggurat_a,
          hangedman_decor_lopped, pf_hell_entry_great_geh,
          hellmonk_bongcloud_opening
Hell
Dis:1:    layout_regular_city, nicolae_dis_distal_crystal
Dis:2:    layout_subdivisions, hangedman_dis_chains
Dis:3:    layout_gridville
Dis:4:    layout_gridville
Dis:5:    layout_subdivisions, hangedman_dis_decor_tower
Dis:6:    layout_jigsaw, nicolae_hells_hurtin_island
Dis:7:    dis_st
Geh:1:    layout_gehenna_lava_caves
Geh:2:    layout_gehenna_pools_box, hangedman_elemental_corridor
Geh:3:    layout_gehenna_pools_basic
Geh:4:    layout_gehenna_pools_box, lemuel_flamethrower_3
Geh:5:    layout_gehenna_pools_box
Geh:6:    layout_gehenna_pools_basic
Geh:7:    geh_old
Coc:1:    layout_ice_bergs, serial_ice, serial_ice_g, serial_ice_d, serial_ice_a
Coc:2:    layout_ice_bergs, nicolae_coc_icebean_singular
          [nicolae_sub_coc_subbean]
Coc:3:    layout_ice_bergs
Coc:4:    nicolae_coc_bergin, layout_cocytus_delve
Coc:5:    layout_cocytus_water_paths
Coc:6:    layout_cocytus_delve
Coc:7:    coc_dpeg
Tar:1:    layout_grid_maze
Tar:2:    layout_grid_maze
Tar:3:    layout_grid_maze
Tar:4:    layout_grid_maze
Tar:5:    layout_honeycomb
Tar:6:    layout_cathedral_of_symmetry, nicolae_tar_cuneiform_oil
Tar:7:    tar_mu [tar_mu_maze]
Zot:1:    layout_misc_corridors
Zot:2:    infiniplex_zot_generator, layout_onion_interference
Zot:3:    nicolae_moth_party, layout_misc_corridors, skrybe_zot_glass_3
Zot:4:    layout_onion_interference, gammafunk_ghost_necromancy
Zot:5:    layout_gridlike, st_stairs_11, lemuel_lake_of_fire

Skill      XL: |  1  2  3  4  5  6  7  8  9 10 11 12 13 14 15 16 17 18 19 20 21 22 23 24 25 26 27 |
---------------+----------------------------------------------------------------------------------+-----
Spellcasting   | 5 6 7 8 9 10 11 12 13 14 15 16 17 18 19 27 | 27.0
Invocations    | 1 2 3 4 5 6 7 8 10 11 12 13 14 15 16 17 18 19 20 27 | 27.0
Fighting       | 1 2 3 5 6 7 8 9 10 11 12 13 14 15 16 17 18 27 | 27.0
Short Blades   | 1 2 3 5 6 7 8 9 10 11 12 13 14 15 16 17 18 27 | 27.0
Long Blades    | 1 2 3 5 6 7 8 9 10 11 12 13 14 15 16 17 18 27 | 27.0
Axes           | 1 2 3 5 6 7 8 9 10 11 12 13 14 15 16 17 18 27 | 27.0
Maces & Flails | 1 2 3 5 6 7 8 9 10 11 12 13 14 15 16 17 18 27 | 27.0
Polearms       | 1 2 3 5 6 7 8 9 10 11 12 13 14 15 16 17 18 27 | 27.0
Staves         | 1 2 3 5 6 7 8 9 10 11 12 13 14 15 16 17 18 27 | 27.0
Ranged Weapons | 1 2 3 5 6 7 8 9 10 11 12 13 14 15 16 17 18 27 | 27.0
Throwing       | 1 2 3 5 6 7 8 9 10 11 12 13 14 15 16 17 19 27 | 27.0
Armour         | 1 2 3 5 6 7 8 9 10 11 12 13 14 15 16 17 18 27 | 27.0
Shields        | 1 2 3 5 6 7 8 9 10 11 12 13 14 15 16 17 18 27 | 27.0
Unarmed Combat | 1 2 3 5 6 7 8 9 10 11 12 13 14 15 16 17 18 27 | 27.0
Evocations     | 1 2 3 5 6 7 8 9 10 11 12 13 14 15 16 17 18 27 | 27.0
Hexes          | 1 2 3 4 5 6 7 8 9 10 11 12 13 14 15 27 | 27.0
Summonings     | 1 2 3 4 5 6 7 8 9 10 11 12 13 14 15 27 | 27.0
Necromancy     | 1 2 3 4 5 6 7 8 9 10 11 12 13 14 15 27 | 27.0
Translocations | 1 2 3 4 5 6 7 8 9 10 11 12 13 14 15 27 | 27.0
Transmutations | 1 2 3 4 5 6 7 9 10 11 12 13 14 15 16 17 18 19 20 21 27 | 27.0
Fire Magic     | 1 2 3 4 5 6 7 8 9 10 11 12 13 14 15 27 | 27.0
Ice Magic      | 1 2 3 4 5 6 7 8 9 10 11 12 13 14 15 27 | 27.0
Air Magic      | 1 2 3 4 5 6 7 8 9 10 11 12 13 14 15 27 | 27.0
Earth Magic    | 1 2 3 4 5 6 7 8 9 10 11 12 13 14 15 27 | 27.0
Poison Magic   | 1 2 3 4 5 6 7 8 9 10 11 12 13 14 15 27 | 27.0
Dodging        | 5 6 7 8 9 10 11 12 13 14 15 16 17 18 19 27 | 27.0
Stealth        | 5 6 7 8 9 10 11 12 13 14 15 16 17 18 19 27 | 27.0
Conjurations   | 8 9 10 11 12 13 14 15 16 17 27 | 27.0

Action                   |  1- 3 |  4- 6 |  7- 9 | 10-12 | 13-15 | 16-18 | 19-21 | 22-24 | 25-27 || total
-------------------------+-------+-------+-------+-------+-------+-------+-------+-------+-------++-------
Melee: Unarmed           |     1 |       |       |       |       |       |       |       |       ||     1
       Dagger            |    12 |    18 |   138 |   178 |   166 |   446 |    83 |    64 |   117 ||  1222
       Staff             |     1 |       |     3 |       |       |       |       |       |       ||     4
       Bite              |       |     3 |    16 |    36 |   152 |   184 |   137 |   140 |  1955 ||  2623
       Punch             |       |       |     2 |    19 |    51 |       |       |       |       ||    72
       Long sword        |       |       |       |   113 |   813 |   747 |   790 |   774 |  1038 ||  4275
       Scimitar          |       |       |       |       |       |       |       |       |  5700 ||  5700
       Demon blade       |       |       |       |       |       |       |       |       |  1705 ||  1705
       Rapier            |       |       |       |       |       |       |       |       |   182 ||   182
       Double sword      |       |       |       |       |       |       |       |       |    85 ||    85
Throw: Dart              |       |       |    20 |     2 |    16 |       |     5 |    16 |     3 ||    62
       Boomerang         |       |       |     8 |    23 |    21 |    21 |    10 |     9 |   381 ||   473
       Javelin           |       |       |       |       |       |       |       |       |    16 ||    16
 Cast: Magic Dart        |    48 |    13 |     4 |       |     3 |       |       |       |       ||    68
       Searing Ray       |     3 |    20 |    52 |    43 |       |     1 |       |       |       ||   119
       Dazzling Flash    |       |       |    20 |    29 |    38 |    99 |    19 |     6 |     1 ||   212
       Iskenderun's Myst |       |       |       |    29 |    54 |    64 |    40 |    26 |    37 ||   250
       Fulminant Prism   |       |       |       |    45 |    80 |    58 |    24 |    18 |     6 ||   231
       Blink             |       |       |       |     2 |     1 |    14 |       |    19 |    23 ||    59
       Olgreb's Toxic Ra |       |       |       |       |    23 |   104 |     8 |     8 |       ||   143
       Manifold Assault  |       |       |       |       |     6 |    10 |     1 |     1 |    10 ||    28
       Mephitic Cloud    |       |       |       |       |     9 |     5 |     3 |     1 |       ||    18
       Fireball          |       |       |       |       |     1 |    98 |   188 |   129 |    65 ||   481
       Passwall          |       |       |       |       |       |     1 |     1 |       |       ||     2
       Iron Shot         |       |       |       |       |       |       |   119 |   271 |   412 ||   802
       Yara's Violent Un |       |       |       |       |       |       |    44 |    24 |   123 ||   191
       Swiftness         |       |       |       |       |       |       |     1 |     1 |     3 ||     5
       Malign Gateway    |       |       |       |       |       |       |       |    15 |   382 ||   397
       Necromutation     |       |       |       |       |       |       |       |       |   874 ||   874
       Spellforged Servi |       |       |       |       |       |       |       |       |   282 ||   282
       Shatter           |       |       |       |       |       |       |       |       |   154 ||   154
       Lehudib's Crystal |       |       |       |       |       |       |       |       |   141 ||   141
       Ignition          |       |       |       |       |       |       |       |       |   112 ||   112
       Polar Vortex      |       |       |       |       |       |       |       |       |    69 ||    69
       Apportation       |       |       |       |       |       |       |       |       |    12 ||    12
       Sublimation of Bl |       |       |       |       |       |       |       |       |     1 ||     1
Invok: Potion Petition   |       |       |       |     2 |       |     3 |     2 |     3 |   106 ||   116
       Call Merchant     |       |       |       |       |       |       |       |       |     2 ||     2
       Bribe Branch      |       |       |       |       |       |       |       |       |     2 ||     2
 Abil: End Transformatio |       |       |       |       |       |       |       |       |     5 ||     5
       Evoke Blink       |       |       |       |       |       |       |       |       |     1 ||     1
Evoke: Wand              |       |       |     4 |    11 |     2 |     3 |       |       |     9 ||    29
       Lightning rod     |       |       |       |       |       |     2 |       |       |       ||     2
       Phantom mirror    |       |       |       |       |       |       |       |       |     7 ||     7
       Box of beasts     |       |       |       |       |       |       |       |       |     4 ||     4
       Condenser vane    |       |       |       |       |       |       |       |       |     1 ||     1
  Use: Scroll            |       |     8 |     7 |     8 |     8 |     9 |     9 |    15 |    58 ||   122
       Potion            |       |       |       |     1 |     1 |     1 |       |     9 |    30 ||    42
 Stab: Sleeping          |     2 |     4 |    13 |     6 |    15 |    13 |    20 |    21 |   113 ||   207
       Invisible         |       |       |    11 |    17 |    36 |    76 |    14 |    11 |    21 ||   186
       Distracted        |       |       |       |     2 |    13 |    10 |     9 |    10 |   349 ||   393
       Confused          |       |       |       |       |    10 |     6 |     2 |     2 |     2 ||    22
       Petrifying        |       |       |       |       |       |       |       |       |     1 ||     1
       Paralysed         |       |       |       |       |       |       |       |       |     1 ||     1
Armor: Robe              |     2 |       |       |    48 |       |       |       |       |       ||    50
       Leather armour    |     2 |     7 |    24 |       |       |       |       |       |       ||    33
       Ring mail         |       |       |    50 |    85 |   360 |   545 |   289 |   273 |  1067 ||  2669
       Skin              |       |       |       |       |       |       |       |       |     2 ||     2
Dodge: Dodged            |    17 |    17 |   171 |   248 |   650 |   770 |   372 |   374 |  3728 ||  6347
Block: Buckler           |       |       |       |       |    60 |   409 |   103 |       |       ||   572
       Kite shield       |       |       |       |       |       |       |   327 |   441 |  7501 ||  8269
       Reflection        |       |       |       |       |       |       |       |     6 |   215 ||   221
